Workbook

Sheet SEPTIEMBRE DECE-5
B8: ÀREA FINANCIERA | K8: DECE-5
A10: UNIDAD DE CIRUGIA CARDIOVASCULAR DE GUATEMALA
A11: 5a. AVENIDA 6-22 ZONA 11
A12: dgunicar@yahoo.es Tel. 24163000
A14: Programación y ejecucion del mes de septiembre por tipo de gasto, año 2025, (Expresado en Quetzales)
A15: No. | B15: CATEGORIA DEL GASTO DE FUNCIONAMIENTO | C15: Enero | E15: Febrero | G15: Marzo | I15: Abril
C16: PROG. | D16: EJECUTADO | E16: PROG. | F16: EJECUTADO | G16: PROG. | H16: EJECUTADO | I16: PROG. | J16: EJECUTADO
B17: RECURSO HUMANO
A18: 011 | B18: SUELOS Y SALARIOS | C18: 3985581.3 | D18: 3442190.4 | E18: 3985581.3 | F18: 3499181.9 | G18: 3985581.3 | H18: 3551627.3 | I18: 3985581.3 | J18: =3946986.7-399869.63 -> 3547117.1
B19: BONO 14 | C19: 0 | D19: 0 | E19: 0 | F19: 0 | I19: 0
B20: CUOTA PATRONAL | C20: 0 | D20: 387999.9 | E20: 0 | F20: 394552.58 | H20: 400276.26 | I20: 0 | J20: 399869.63
B21: TOTAL RECURSO HUMANO | C21: =SUM(C18:C20) -> 3985581.3 | D21: =SUM(D18:D20) -> 3830190.3 | E21: =SUM(E18:E20) -> 3985581.3 | F21: =SUM(F18:F20) -> 3893734.5 | G21: =SUM(G18:G20) -> 3985581.3 | H21: =SUM(H18:H20) -> 3951903.5 | I21: =SUM(I18:I20) -> 3985581.3 | J21: =SUM(J18:J20) -> 3946986.7
B23: GASTOS DE OPERACIÓN
A24: 111 | B24: ENERGIA ELECTRICA | C24: 0 | D24: 0 | E24: 106000 | F24: 96455.75 | G24: 106000 | H24: 0 | I24: 106000 | J24: 107590.34
A25: 113 | B25: SERVICIO DE INTERNET Y TELEFONIA | C25: 0 | D25: 0 | E25: 11825 | F25: 8643.16 | G25: 11825 | H25: 8638.1 | I25: 11825 | J25: 8966.74
A26: 122 | B26: IMPRESIÓN, ENCUADERNACION Y REPRODUCCION | C26: 0 | D26: 0 | E26: 64244.05 | F26: 0 | G26: 0 | H26: 0 | I26: 0 | J26: 4154.5
A27: 163 | B27: MANT. Y REP. EQUIPO MEDICO SANITARIO Y DE LAB. | C27: 100000 | D27: 0 | E27: 0 | F27: 0 | G27: 304339.74 | H27: 0 | I27: 0 | J27: 19341.5
A28: 169 | B28: MANT. Y REP. DE OTRAS MAQUINARIAS Y EQUIPOS | C28: 20000 | D28: 0 | E28: 0 | F28: 0 | G28: 1680 | H28: 0 | I28: 0 | J28: 1600
A29: 171 | B29: MANT. Y REPARACION DE EDIFICIOS | C29: 50000 | D29: 0 | E29: 0 | F29: 0 | G29: 7770 | H29: 0 | I29: 1260 | J29: 1300
A30: 174 | B30: MANT. Y REP. DE INSTALACIONES | C30: 53344.25 | D30: 0 | E30: 3344.25 | F30: 6520 | G30: 4761.75 | H30: 0 | I30: 4761.75 | J30: 3260
A31: 197 | B31: SERVICIOS DE VIGILANCIA | C31: 0 | D31: 0 | E31: 52000 | F31: 0 | G31: 52000 | H31: 52000 | I31: 52000 | J31: 52000
A32: 199 | B32: OTROS SERVICIOS NO PERSONALES | C32: 0 | D32: 0 | E32: 127225.9 | F32: 0 | G32: 51415.9 | H32: 43988.88 | I32: 51415.9 | J32: 86010.21
A33: 243 | B33: PRODUCTOS DE PAPEL O CARTON | C33: 0 | D33: 0 | E33: 77602.26 | F33: 0 | G33: 0 | H33: 112506.6 | I33: 0 | J33: 0
A34: 261 | B34: ELEMENTOS Y COMPUESTOS QUIMICOS | C34: 0 | D34: 0 | E34: 812953.74 | F34: 0 | G34: 0 | H34: 105279.68 | I34: 0 | J34: 71517.99
A35: 262 | B35: COMBUSTIBLES Y LUBRICANTES | C35: 17000 | D35: 0 | E35: 0 | F35: 13195 | G35: 0 | H35: 0 | I35: 0 | J35: 0
... A45: 323 | B45: EQUIPO MEDICO-SANITARIO Y DE LABORATORIO | C45: 0 | D45: 0 | E45: 0 | F45: 0 | G45: 0 | H45: 0 | I45: 0 | J45: 0
B46: TOTAL GASTOS DE OPERACIÓN | C46: =SUM(C24:C45) -> 1165344.2 | D46: =SUM(D24:D45) -> 0 | E46: =SUM(E24:E45) -> 3598165.6 | F46: =SUM(F24:F45) -> 136886.92 | G46: =SUM(G24:G45) -> 539792.39 | H46: =SUM(H24:H45) -> 1879182.5 | I46: =SUM(I24:I45) -> 227262.65 | J46: =SUM(J24:J45) -> 1267854.5
B47: TOTAL GENERAL | C47: =+C46+C21 -> 5150925.5 | D47: =+D46+D21 -> 3830190.3 | E47: =+E46+E21 -> 7583746.8 | F47: =+F46+F21 -> 4030621.4 | G47: =+G46+G21 -> 4525373.7 | H47: =+H46+H21 -> 5831086.1 | I47: =+I46+I21 -> 4212843.9 | J47: =+J46+J21 -> 5214841.2
A59: =+A14 -> Programación y ejecucion del mes de septiembre por tipo de gasto, año 2025, (Expresado en Quetzales)
A60: No. | B60: =+B15 -> CATEGORIA DEL GASTO DE FUNCIONAMIENTO | C60: Mayo | E60: Junio | G60: Julio | I60: Agosto
C61: PROG. | D61: EJECUTADO | E61: PROG. | F61: EJECUTADO | G61: PROG. | H61: EJECUTADO | I61: PROG. | J61: EJECUTADO
A62: 011 | B62: RECURSO HUMANO
B63: SUELOS Y SALARIOS | C63: 3985581.3 | D63: 3571840.7 | E63: 3985581.3 | F63: 3574068.5 | G63: 7331062.7 | H63: 3541104.6 | I63: 3985581.3 | J63: 3577680.2
B64: BONO 14 | D64: 0 | H64: 3208721.7
B65: CUOTA PATRONAL | D65: 402550.66 | F65: 402616.11 | H65: 398875.22 | J65: 403148.83
B66: TOTAL RECURSO HUMANO | C66: =SUM(C63:C65) -> 3985581.3 | D66: =SUM(D63:D65) -> 3974391.3 | E66: =SUM(E63:E65) -> 3985581.3 | F66: =SUM(F63:F65) -> 3976684.6 | G66: =SUM(G63:G65) -> 7331062.7 | H66: =SUM(H63:H65) -> 7148701.5 | I66: =SUM(I63:I65) -> 3985581.3 | J66: =SUM(J63:J65) -> 3980829
B68: GASTOS DE OPERACIÓN
A69: 111 | B69: ENERGIA ELECTRICA | C69: 106000 | D69: 108453.52 | E69: 106000 | F69: 106384.31 | G69: 106000 | H69: 106955.3 | I69: 106000 | J69: 110648.44
A70: 113 | B70: SERVICIO DE INTERNET Y TELEFONIA | C70: 11825 | D70: 8811.18 | E70: 11825 | F70: 14256.06 | G70: 11825 | H70: 0 | I70: 11825 | J70: 14711.08
A71: 122 | B71: IMPRESIÓN, ENCUADERNACION Y REPRODUCCION | C71: 0 | D71: 9914.5 | E71: 0 | F71: 43465 | G71: 0 | H71: 5691.25 | I71: 0 | J71: 0
A72: 163 | B72: MANT. Y REP. EQUIPO MEDICO SANITARIO Y DE LAB. | C72: 152397.83 | D72: 110746 | E72: 25132.32 | F72: 67830 | G72: 226362.97 | H72: 122800 | I72: 14175 | J72: 171867.56
A73: 169 | B73: MANT. Y REP. DE OTRAS MAQUINARAIS Y EQUIPOS | C73: 19032.3 | D73: 0 | E73: 0 | F73: 0 | G73: 1680 | H73: 3300 | I73: 0 | J73: 11850
A74: 171 | B74: MANT. Y REPARACION DE EDIFICIOS | C74: 1260 | D74: 24000 | E74: 1260 | F74: 1300 | G74: 7770 | H74: 1300 | I74: 1260 | J74: 1300
A75: 174 | B75: MANT. Y REP. DE INSTALACIONES | C75: 28386.75 | D75: 5510 | E75: 4761.75 | F75: 4160 | G75: 4761.75 | H75: 4160 | I75: 4761.75 | J75: 4610
A76: 197 | B76: SERVICIOS DE VIGILANCIA | C76: 52000 | D76: 52000 | E76: 52000 | F76: 52000 | G76: 52000 | H76: 52000 | I76: 52000 | J76: 52000
A77: 199 | B77: OTROS SERVICIOS NO PERSONALES | C77: 61415.9 | D77: 40629.72 | E77: 51415.9 | F77: 62544.72 | G77: 96955.9 | H77: 71397.74 | I77: 51415.9 | J77: 99192.18
A78: 243 | B78: PRODUCTOS DE PAPEL O CARTON | C78: 77108.98 | D78: 0 | E78: 0 | F78: 0 | G78: 0 | H78: 0 | I78: 0 | J78: 17428.32
A79: 261 | B79: ELEMENTOS Y COMPUESTOS QUIMICOS | C79: 23461.2 | D79: 88377.94 | E79: 0 | F79: 72500.4 | G79: 0 | H79: 65966.68 | I79: 0 | J79: 98478.34
A80: 262 | B80: COMBUSTIBLES Y LUBRICANTES | C80: 0 | D80: 0 | E80: 0 | F80: 0 | G80: 0 | H80: 0 | I80: 0 | J80: 0
... A90: 323 | B90: EQUIPO MEDICO-SANITARIO Y DE LABORATORIO | C90: 0 | D90: 0 | E90: 4417467.8 | F90: 0 | G90: 4000000 | H90: 0 | I90: 7000000 | J90: 0
B91: TOTAL GASTOS DE OPERACIÓN | C91: =SUM(C69:C90) -> 2828722.6 | D91: =SUM(D69:D90) -> 1415750.8 | E91: =SUM(E69:E90) -> 33139324 | F91: =SUM(F69:F90) -> 1862268 | G91: =SUM(G69:G90) -> 4507355.6 | H91: =SUM(H69:H90) -> 2777077.4 | I91: =SUM(I69:I90) -> 7241437.7 | J91: =SUM(J69:J90) -> 5323886.5
B92: TOTAL GENERAL | C92: =+C91+C66 -> 6814303.9 | D92: =+D91+D66 -> 5390142.1 | E92: =+E91+E66 -> 37124905 | F92: =+F91+F66 -> 5838952.5 | G92: =+G91+G66 -> 11838418 | H92: =+H91+H66 -> 9925778.9 | I92: =+I91+I66 -> 11227019 | J92: =+J91+J66 -> 9304715.6
A117: =+A59 -> Programación y ejecucion del mes de septiembre por tipo de gasto, año 2025, (Expresado en Quetzales)
A118: No. | B118: CATEGORIA DE GASTO | C118: SEPTIEMBRE | E118: OCTUBRE | G118: NOVIEMBRE | I118: DICIEMBRE | K118: Total acumulado anual
C119: PROG. | D119: EJECUTADO | E119: PROG. | F119: EJECUTADO | G119: PROG. | H119: EJECUTADO | I119: PROG. | J119: EJECUTADO | K119: PROG. | L119: EJECUTADO
A120: 011 | B120: RECURSO HUMANO
B121: SUELOS Y SALARIOS | C121: 3985581.3 | D121: 3569080.1 | K121: =+I121+G121+E121+C121+I63+G63+E63+C63+I18+G18+E18+C18 -> 39215713 | L121: =+J121+H121+F121+D121+J63+H63+F63+D63+J18+H18+F18+D18 -> 31873891
B122: BONO 14 | C122: 0 | D122: 0 | K122: =+I122+G122+E122+C122+I64+G64+E64+C64+I19+G19+E19+C19 -> 0 | L122: =+J122+H122+F122+D122+J64+H64+F64+D64+J19+H19+F19+D19 -> 3208721.7
B123: CUOTA PATRONAL | C123: 0 | D123: 402169.52 | K123: =+I123+G123+E123+C123+I65+G65+E65+C65+I20+G20+E20+C20 -> 0 | L123: =+J123+H123+F123+D123+J65+H65+F65+D65+J20+H20+F20+D20 -> 3592058.7
B124: TOTAL RECURSO HUMANO | C124: =SUM(C121:C123) -> 3985581.3 | D124: =SUM(D121:D123) -> 3971249.6 | E124: =SUM(E121:E123) -> 0 | F124: =SUM(F121:F123) -> 0 | G124: =SUM(G121:G123) -> 0 | H124: =SUM(H121:H123) -> 0 | I124: =SUM(I121:I123) -> 0 | J124: =SUM(J121:J123) -> 0 | ... L124: =SUM(L121:L123) -> 38674671
B126: GASTOS DE FUNCIONAMIENTO
A127: 111 | B127: ENERGIA ELECTRICA | C127: 106000 | D127: 111274.97 | K127: =+I127+G127+E127+C127+I69+G69+E69+C69+I24+G24+E24+C24 -> 848000 | L127: =+J127+H127+F127+D127+J69+H69+F69+D69+J24+H24+F24+D24 -> 747762.63
A128: 113 | B128: SERVICIO DE INTERNET Y TELEFONIA | C128: 11825 | D128: 11300.5 | K128: =+I128+G128+E128+C128+I70+G70+E70+C70+I25+G25+E25+C25 -> 94600 | L128: =+J128+H128+F128+D128+J70+H70+F70+D70+J25+H25+F25+D25 -> 75326.82
A129: 122 | B129: IMPRESIÓN, ENCUADERNACION Y REPRODUCCION | C129: 0 | D129: 0 | K129: =+I129+G129+E129+C129+I71+G71+E71+C71+I26+G26+E26+C26 -> 64244.05 | L129: =+J129+H129+F129+D129+J71+H71+F71+D71+J26+H26+F26+D26 -> 63225.25
A130: 163 | B130: MANT. Y REP. EQUIPO MEDICO SANITARIO Y DE LAB. | C130: 66959.27 | D130: 201336.94 | K130: =+I130+G130+E130+C130+I72+G72+E72+C72+I27+G27+E27+C27 -> 889367.13 | L130: =+J130+H130+F130+D130+J72+H72+F72+D72+J27+H27+F27+D27 -> 693922
A131: 169 | B131: MANT. Y REP. DE OTRAS MAQUINARIAS Y EQUIPOS | C131: 0 | D131: 1600 | K131: =+I131+G131+E131+C131+I73+G73+E73+C73+I28+G28+E28+C28 -> 42392.3 | L131: =+J131+H131+F131+D131+J73+H73+F73+D73+J28+H28+F28+D28 -> 18350
A132: 171 | B132: MANT. Y REPARACION DE EDIFICIOS | C132: 1260 | D132: 7500 | K132: =+I132+G132+E132+C132+I74+G74+E74+C74+I29+G29+E29+C29 -> 71840 | L132: =+J132+H132+F132+D132+J74+H74+F74+D74+J29+H29+F29+D29 -> 36700
A133: 174 | B133: MANT. Y REP. DE INSTALACIONES | C133: 4761.75 | D133: 4610 | K133: =+I133+G133+E133+C133+I75+G75+E75+C75+I30+G30+E30+C30 -> 113645.75 | L133: =+J133+H133+F133+D133+J75+H75+F75+D75+J30+H30+F30+D30 -> 32830
A134: 197 | B134: SERVICIOS DE VIGILANCIA | C134: 57200 | D134: 52000 | K134: =+I134+G134+E134+C134+I76+G76+E76+C76+I31+G31+E31+C31 -> 421200 | L134: =+J134+H134+F134+D134+J76+H76+F76+D76+J31+H31+F31+D31 -> 364000
A135: 199 | B135: OTROS SERVICIOS NO PERSONALES | C135: 61415.9 | D135: 69972.99 | K135: =+I135+G135+E135+C135+I77+G77+E77+C77+I32+G32+E32+C32 -> 552677.2 | L135: =+J135+H135+F135+D135+J77+H77+F77+D77+J32+H32+F32+D32 -> 473736.44
A136: 243 | B136: PRODUCTOS DE PAPEL O CARTON | C136: 0 | D136: 17428.32 | K136: =+I136+G136+E136+C136+I78+G78+E78+C78+I33+G33+E33+C33 -> 154711.24 | L136: =+J136+H136+F136+D136+J78+H78+F78+D78+J33+H33+F33+D33 -> 147363.24
A137: 261 | B137: ELEMENTOS Y COMPUESTOS QUIMICOS | C137: 0 | D137: 63672.76 | K137: =+I137+G137+E137+C137+I79+G79+E79+C79+I34+G34+E34+C34 -> 836414.94 | L137: =+J137+H137+F137+D137+J79+H79+F79+D79+J34+H34+F34+D34 -> 565793.79
A138: 262 | B138: COMBUSTIBLES Y LUBRICANTES | C138: 0 | D138: 0 | K138: =+I138+G138+E138+C138+I80+G80+E80+C80+I35+G35+E35+C35 -> 17000 | L138: =+J138+H138+F138+D138+J80+H80+F80+D80+J35+H35+F35+D35 -> 13195
... A148: 323 | B148: EQUIPO MEDICO-SANITARIO Y DE LABORATORIO | C148: 0 | D148: 579800 | K148: =+I148+G148+E148+C148+I90+G90+E90+C90+I45+G45+E45+C45 -> 15417468 | L148: =+J148+H148+F148+D148+J90+H90+F90+D90+J45+H45+F45+D45 -> 579800
B149: TOTAL GASTOS DE FUNCIONAMIENTO | C149: =SUM(C127:C148) -> 965668.5 | D149: =SUM(D127:D148) -> 11949316 | E149: =SUM(E127:E148) -> 0 | F149: =SUM(F127:F148) -> 0 | G149: =SUM(G127:G148) -> 0 | H149: =SUM(H127:H148) -> 0 | I149: =SUM(I127:I148) -> 0 | J149: =SUM(J127:J148) -> 0 | ... L149: =SUM(L127:L148) -> 26612223
B150: TOTAL GENERAL | C150: =+C149+C124 -> 4951249.8 | D150: =+D149+D124 -> 15920566 | E150: =+E149+E124 -> 0 | F150: =+F149+F124 -> 0 | G150: =+G149+G124 -> 0 | H150: =+H149+H124 -> 0 | I150: =+I149+I124 -> 0 | J150: =+J149+J124 -> 0 | ... L150: =+L149+L124 -> 65286894
B174: RESUMEN AÑO 2025
A175: No. | B175: CATEGORIA DE GASTO | C175: TOTAL ANUAL
C176: PRESUPUESTO | D176: REAL
A177: 011 | B177: RECURSO HUMANO | C177: =+K21+K66+K124 -> 39215713 | D177: =+L21+L66+L124 -> 38674671
B179: GASTOS DE OPERACIÓN
A180: 111 | B180: ENERGIA ELECTRICA | C180: =+K24+K69+K127 -> 848000 | D180: =+L24+L69+L127 -> 747762.63
A181: 113 | B181: TELEFONIA | C181: =+K25+K70+K128 -> 94600 | D181: =+L25+L70+L128 -> 75326.82
A182: 122 | B182: IMPRESIÓN, ENCUADERNACION Y REPRODUCCION | C182: =+K26+K71+K129 -> 64244.05 | D182: =+L26+L71+L129 -> 63225.25
A183: 163 | B183: MANT. Y REP. EQUIPO MEDICO SANITARIO Y DE LAB. | C183: =+K27+K72+K130 -> 889367.13 | D183: =+L27+L72+L130 -> 693922
A184: 169 | B184: MANT. Y REP. DE OTRAS MAQ. Y EQUIPO | C184: =+K28+K73+K131 -> 42392.3 | D184: =+L28+L73+L131 -> 18350
A185: 171 | B185: MANT. Y REPARACION DE EDIFICIOS | C185: =+K29+K74+K132 -> 71840 | D185: =+L29+L74+L132 -> 36700
A186: 174 | B186: MANT. Y REP. DE INSTALACIONES | C186: =+K30+K75+K133 -> 113645.75 | D186: =+L30+L75+L133 -> 32830
A187: 197 | B187: SERVICIOS DE VIGILANCIA | C187: =+K31+K76+K134 -> 421200 | D187: =+L31+L76+L134 -> 364000
A188: 199 | B188: OTROS SERVICIOS NO PERSONALES | C188: =+K32+K77+K135 -> 552677.2 | D188: =+L32+L77+L135 -> 473736.44
A189: 243 | B189: PRODUCTOS DE PAPEL O CARTON | C189: =+K33+K78+K136 -> 154711.24 | D189: =+L33+L78+L136 -> 147363.24
A190: 261 | B190: ELEMENTOS Y COMPUESTOS QUIMICOS | C190: =+K34+K79+K137 -> 836414.94 | D190: =+L34+L79+L137 -> 565793.79
A191: 262 | B191: COMBUSTIBLES Y LUBRICANTES | C191: =+K35+K80+K138 -> 17000 | D191: =+L35+L80+L138 -> 13195
... A201: 323 | B201: EQUIPO MEDICO SANITARIO Y DE LABORATORIO | C201: =+K45+K90+K148 -> 15417468 | D201: =+L45+L90+L148 -> 579800
B202: TOTAL GASTOS DE FUNCIONAMIENTO | C202: =SUM(C180:C201) -> 54213073 | D202: =SUM(D180:D201) -> 26612223
B203: TOTAL GENERAL | C203: =+C202+C177 -> 93428786 | D203: =D202+D177 -> 65286894
B216: Elaborado por: | D216: ______________________________ | G216: Autorizado por: | I216: ___________________________________
D217: P.C. Víctor Cresencio Reyes Porres | I217: Lic. Douglas Antonio Díaz Rivera
D218: Jefe de Contabilidad | I218: Representante Legal
B220: Fecha: | D220: 10 de octubre 2025

Sheet OCTUBRE DECE-5
B8: ÀREA FINANCIERA | K8: DECE-5
A10: UNIDAD DE CIRUGIA CARDIOVASCULAR DE GUATEMALA
A11: 5a. AVENIDA 6-22 ZONA 11
A12: dgunicar@yahoo.es Tel. 24163000
A14: Programación y ejecucion del mes de octubre por tipo de gasto, año 2025, (Expresado en Quetzales)
A15: No. | B15: CATEGORIA DEL GASTO DE FUNCIONAMIENTO | C15: Enero | E15: Febrero | G15: Marzo | I15: Abril
C16: PROG. | D16: EJECUTADO | E16: PROG. | F16: EJECUTADO | G16: PROG. | H16: EJECUTADO | I16: PROG. | J16: EJECUTADO
B17: RECURSO HUMANO
A18: 011 | B18: SUELOS Y SALARIOS | C18: 3985581.3 | D18: 3442190.4 | E18: 3985581.3 | F18: 3499181.9 | G18: 3985581.3 | H18: 3551627.3 | I18: 3985581.3 | J18: =3946986.7-399869.63 -> 3547117.1
B19: BONO 14 | C19: 0 | D19: 0 | E19: 0 | F19: 0 | I19: 0
B20: CUOTA PATRONAL | C20: 0 | D20: 387999.9 | E20: 0 | F20: 394552.58 | H20: 400276.26 | I20: 0 | J20: 399869.63
B21: TOTAL RECURSO HUMANO | C21: =SUM(C18:C20) -> 3985581.3 | D21: =SUM(D18:D20) -> 3830190.3 | E21: =SUM(E18:E20) -> 3985581.3 | F21: =SUM(F18:F20) -> 3893734.5 | G21: =SUM(G18:G20) -> 3985581.3 | H21: =SUM(H18:H20) -> 3951903.5 | I21: =SUM(I18:I20) -> 3985581.3 | J21: =SUM(J18:J20) -> 3946986.7
B23: GASTOS DE OPERACIÓN
A24: 111 | B24: ENERGIA ELECTRICA | C24: 0 | D24: 0 | E24: 106000 | F24: 96455.75 | G24: 106000 | H24: 0 | I24: 106000 | J24: 107590.34
A25: 113 | B25: SERVICIO DE INTERNET Y TELEFONIA | C25: 0 | D25: 0 | E25: 11825 | F25: 8643.16 | G25: 11825 | H25: 8638.1 | I25: 11825 | J25: 8966.74
A26: 122 | B26: IMPRESIÓN, ENCUADERNACION Y REPRODUCCION | C26: 0 | D26: 0 | E26: 64244.05 | F26: 0 | G26: 0 | H26: 0 | I26: 0 | J26: 4154.5
A27: 163 | B27: MANT. Y REP. EQUIPO MEDICO SANITARIO Y DE LAB. | C27: 100000 | D27: 0 | E27: 0 | F27: 0 | G27: 304339.74 | H27: 0 | I27: 0 | J27: 19341.5
A28: 169 | B28: MANT. Y REP. DE OTRAS MAQUINARIAS Y EQUIPOS | C28: 20000 | D28: 0 | E28: 0 | F28: 0 | G28: 1680 | H28: 0 | I28: 0 | J28: 1600
A29: 171 | B29: MANT. Y REPARACION DE EDIFICIOS | C29: 50000 | D29: 0 | E29: 0 | F29: 0 | G29: 7770 | H29: 0 | I29: 1260 | J29: 1300
A30: 174 | B30: MANT. Y REP. DE INSTALACIONES | C30: 53344.25 | D30: 0 | E30: 3344.25 | F30: 6520 | G30: 4761.75 | H30: 0 | I30: 4761.75 | J30: 3260
A31: 197 | B31: SERVICIOS DE VIGILANCIA | C31: 0 | D31: 0 | E31: 52000 | F31: 0 | G31: 52000 | H31: 52000 | I31: 52000 | J31: 52000
A32: 199 | B32: OTROS SERVICIOS NO PERSONALES | C32: 0 | D32: 0 | E32: 127225.9 | F32: 0 | G32: 51415.9 | H32: 43988.88 | I32: 51415.9 | J32: 86010.21
A33: 243 | B33: PRODUCTOS DE PAPEL O CARTON | C33: 0 | D33: 0 | E33: 77602.26 | F33: 0 | G33: 0 | H33: 112506.6 | I33: 0 | J33: 0
A34: 261 | B34: ELEMENTOS Y COMPUESTOS QUIMICOS | C34: 0 | D34: 0 | E34: 812953.74 | F34: 0 | G34: 0 | H34: 105279.68 | I34: 0 | J34: 71517.99
A35: 262 | B35: COMBUSTIBLES Y LUBRICANTES | C35: 17000 | D35: 0 | E35: 0 | F35: 13195 | G35: 0 | H35: 0 | I35: 0 | J35: 0
... A45: 323 | B45: EQUIPO MEDICO-SANITARIO Y DE LABORATORIO | C45: 0 | D45: 0 | E45: 0 | F45: 0 | G45: 0 | H45: 0 | I45: 0 | J45: 0
B46: TOTAL GASTOS DE OPERACIÓN | C46: =SUM(C24:C45) -> 1165344.2 | D46: =SUM(D24:D45) -> 0 | E46: =SUM(E24:E45) -> 3598165.6 | F46: =SUM(F24:F45) -> 136886.92 | G46: =SUM(G24:G45) -> 539792.39 | H46: =SUM(H24:H45) -> 1879182.5 | I46: =SUM(I24:I45) -> 227262.65 | J46: =SUM(J24:J45) -> 1267854.5
B47: TOTAL GENERAL | C47: =+C46+C21 -> 5150925.5 | D47: =+D46+D21 -> 3830190.3 | E47: =+E46+E21 -> 7583746.8 | F47: =+F46+F21 -> 4030621.4 | G47: =+G46+G21 -> 4525373.7 | H47: =+H46+H21 -> 5831086.1 | I47: =+I46+I21 -> 4212843.9 | J47: =+J46+J21 -> 5214841.2
A50: =+A14 -> Programación y ejecucion del mes de octubre por tipo de gasto, año 2025, (Expresado en Quetzales)
A51: No. | B51: =+B15 -> CATEGORIA DEL GASTO DE FUNCIONAMIENTO | C51: Mayo | E51: Junio | G51: Julio | I51: Agosto
C52: PROG. | D52: EJECUTADO | E52: PROG. | F52: EJECUTADO | G52: PROG. | H52: EJECUTADO | I52: PROG. | J52: EJECUTADO
A53: 011 | B53: RECURSO HUMANO
B54: SUELOS Y SALARIOS | C54: 3985581.3 | D54: 3571840.7 | E54: 3985581.3 | F54: 3574068.5 | G54: 7331062.7 | H54: 3541104.6 | I54: 3985581.3 | J54: 3577680.2
B55: BONO 14 | D55: 0 | H55: 3208721.7
B56: CUOTA PATRONAL | D56: 402550.66 | F56: 402616.11 | H56: 398875.22 | J56: 403148.83
B57: TOTAL RECURSO HUMANO | C57: =SUM(C54:C56) -> 3985581.3 | D57: =SUM(D54:D56) -> 3974391.3 | E57: =SUM(E54:E56) -> 3985581.3 | F57: =SUM(F54:F56) -> 3976684.6 | G57: =SUM(G54:G56) -> 7331062.7 | H57: =SUM(H54:H56) -> 7148701.5 | I57: =SUM(I54:I56) -> 3985581.3 | J57: =SUM(J54:J56) -> 3980829
B59: GASTOS DE OPERACIÓN
A60: 111 | B60: ENERGIA ELECTRICA | C60: 106000 | D60: 108453.52 | E60: 106000 | F60: 106384.31 | G60: 106000 | H60: 106955.3 | I60: 106000 | J60: 110648.44
A61: 113 | B61: SERVICIO DE INTERNET Y TELEFONIA | C61: 11825 | D61: 8811.18 | E61: 11825 | F61: 14256.06 | G61: 11825 | H61: 0 | I61: 11825 | J61: 14711.08
A62: 122 | B62: IMPRESIÓN, ENCUADERNACION Y REPRODUCCION | C62: 0 | D62: 9914.5 | E62: 0 | F62: 43465 | G62: 0 | H62: 5691.25 | I62: 0 | J62: 0
A63: 163 | B63: MANT. Y REP. EQUIPO MEDICO SANITARIO Y DE LAB. | C63: 152397.83 | D63: 110746 | E63: 25132.32 | F63: 67830 | G63: 226362.97 | H63: 122800 | I63: 14175 | J63: 171867.56
A64: 169 | B64: MANT. Y REP. DE OTRAS MAQUINARAIS Y EQUIPOS | C64: 19032.3 | D64: 0 | E64: 0 | F64: 0 | G64: 1680 | H64: 3300 | I64: 0 | J64: 11850
A65: 171 | B65: MANT. Y REPARACION DE EDIFICIOS | C65: 1260 | D65: 24000 | E65: 1260 | F65: 1300 | G65: 7770 | H65: 1300 | I65: 1260 | J65: 1300
A66: 174 | B66: MANT. Y REP. DE INSTALACIONES | C66: 28386.75 | D66: 5510 | E66: 4761.75 | F66: 4160 | G66: 4761.75 | H66: 4160 | I66: 4761.75 | J66: 4610
A67: 197 | B67: SERVICIOS DE VIGILANCIA | C67: 52000 | D67: 52000 | E67: 52000 | F67: 52000 | G67: 52000 | H67: 52000 | I67: 52000 | J67: 52000
A68: 199 | B68: OTROS SERVICIOS NO PERSONALES | C68: 61415.9 | D68: 40629.72 | E68: 51415.9 | F68: 62544.72 | G68: 96955.9 | H68: 71397.74 | I68: 51415.9 | J68: 99192.18
A69: 243 | B69: PRODUCTOS DE PAPEL O CARTON | C69: 77108.98 | D69: 0 | E69: 0 | F69: 0 | G69: 0 | H69: 0 | I69: 0 | J69: 17428.32
A70: 261 | B70: ELEMENTOS Y COMPUESTOS QUIMICOS | C70: 23461.2 | D70: 88377.94 | E70: 0 | F70: 72500.4 | G70: 0 | H70: 65966.68 | I70: 0 | J70: 98478.34
A71: 262 | B71: COMBUSTIBLES Y LUBRICANTES | C71: 0 | D71: 0 | E71: 0 | F71: 0 | G71: 0 | H71: 0 | I71: 0 | J71: 0
... A81: 323 | B81: EQUIPO MEDICO-SANITARIO Y DE LABORATORIO | C81: 0 | D81: 0 | E81: 4417467.8 | F81: 0 | G81: 4000000 | H81: 0 | I81: 7000000 | J81: 0
B82: TOTAL GASTOS DE OPERACIÓN | C82: =SUM(C60:C81) -> 2828722.6 | D82: =SUM(D60:D81) -> 1415750.8 | E82: =SUM(E60:E81) -> 33139324 | F82: =SUM(F60:F81) -> 1862268 | G82: =SUM(G60:G81) -> 4507355.6 | H82: =SUM(H60:H81) -> 2777077.4 | I82: =SUM(I60:I81) -> 7241437.7 | J82: =SUM(J60:J81) -> 5323886.5
B83: TOTAL GENERAL | C83: =+C82+C57 -> 6814303.9 | D83: =+D82+D57 -> 5390142.1 | E83: =+E82+E57 -> 37124905 | F83: =+F82+F57 -> 5838952.5 | G83: =+G82+G57 -> 11838418 | H83: =+H82+H57 -> 9925778.9 | I83: =+I82+I57 -> 11227019 | J83: =+J82+J57 -> 9304715.6
A86: =+A50 -> Programación y ejecucion del mes de octubre por tipo de gasto, año 2025, (Expresado en Quetzales)
A87: No. | B87: CATEGORIA DE GASTO | C87: SEPTIEMBRE | E87: OCTUBRE | G87: NOVIEMBRE | I87: DICIEMBRE | K87: Total acumulado anual
C88: PROG. | D88: EJECUTADO | E88: PROG. | F88: EJECUTADO | G88: PROG. | H88: EJECUTADO | I88: PROG. | J88: EJECUTADO | K88: PROG. | L88: EJECUTADO
A89: 011 | B89: RECURSO HUMANO
B90: SUELOS Y SALARIOS | C90: 3985581.3 | D90: 3569080.1 | E90: 3985581.3 | F90: 3601043.2 | K90: =+I90+G90+E90+C90+I54+G54+E54+C54+I18+G18+E18+C18 -> 43201294 | L90: =+J90+H90+F90+D90+J54+H54+F54+D54+J18+H18+F18+D18 -> 35474934
B91: BONO 14 | C91: 0 | D91: 0 | E91: 0 | F91: 0 | K91: =+I91+G91+E91+C91+I55+G55+E55+C55+I19+G19+E19+C19 -> 0 | L91: =+J91+H91+F91+D91+J55+H55+F55+D55+J19+H19+F19+D19 -> 3208721.7
B92: CUOTA PATRONAL | C92: 0 | D92: 402169.52 | E92: 0 | F92: 405601.66 | K92: =+I92+G92+E92+C92+I56+G56+E56+C56+I20+G20+E20+C20 -> 0 | L92: =+J92+H92+F92+D92+J56+H56+F56+D56+J20+H20+F20+D20 -> 3997660.4
B93: TOTAL RECURSO HUMANO | C93: =SUM(C90:C92) -> 3985581.3 | D93: =SUM(D90:D92) -> 3971249.6 | E93: =SUM(E90:E92) -> 3985581.3 | F93: =SUM(F90:F92) -> 4006644.9 | G93: =SUM(G90:G92) -> 0 | H93: =SUM(H90:H92) -> 0 | I93: =SUM(I90:I92) -> 0 | J93: =SUM(J90:J92) -> 0 | ... L93: =SUM(L90:L92) -> 42681316
B95: GASTOS DE FUNCIONAMIENTO
A96: 111 | B96: ENERGIA ELECTRICA | C96: 106000 | D96: 111274.97 | E96: 106000 | F96: 115992.84 | K96: =+I96+G96+E96+C96+I60+G60+E60+C60+I24+G24+E24+C24 -> 954000 | L96: =+J96+H96+F96+D96+J60+H60+F60+D60+J24+H24+F24+D24 -> 863755.47
A97: 113 | B97: SERVICIO DE INTERNET Y TELEFONIA | C97: 11825 | D97: 11300.5 | E97: 11825 | F97: 11392.74 | K97: =+I97+G97+E97+C97+I61+G61+E61+C61+I25+G25+E25+C25 -> 106425 | L97: =+J97+H97+F97+D97+J61+H61+F61+D61+J25+H25+F25+D25 -> 86719.56
A98: 122 | B98: IMPRESIÓN, ENCUADERNACION Y REPRODUCCION | C98: 0 | D98: 0 | E98: 0 | F98: 0 | K98: =+I98+G98+E98+C98+I62+G62+E62+C62+I26+G26+E26+C26 -> 64244.05 | L98: =+J98+H98+F98+D98+J62+H62+F62+D62+J26+H26+F26+D26 -> 63225.25
A99: 163 | B99: MANT. Y REP. EQUIPO MEDICO SANITARIO Y DE LAB. | C99: 66959.27 | D99: 201336.94 | E99: 0 | F99: 65281.82 | K99: =+I99+G99+E99+C99+I63+G63+E63+C63+I27+G27+E27+C27 -> 889367.13 | L99: =+J99+H99+F99+D99+J63+H63+F63+D63+J27+H27+F27+D27 -> 759203.82
A100: 169 | B100: MANT. Y REP. DE OTRAS MAQUINARIAS Y EQUIPOS | C100: 0 | D100: 1600 | E100: 0 | F100: 0 | K100: =+I100+G100+E100+C100+I64+G64+E64+C64+I28+G28+E28+C28 -> 42392.3 | L100: =+J100+H100+F100+D100+J64+H64+F64+D64+J28+H28+F28+D28 -> 18350
A101: 171 | B101: MANT. Y REPARACION DE EDIFICIOS | C101: 1260 | D101: 7500 | E101: 1260 | F101: 1300 | K101: =+I101+G101+E101+C101+I65+G65+E65+C65+I29+G29+E29+C29 -> 73100 | L101: =+J101+H101+F101+D101+J65+H65+F65+D65+J29+H29+F29+D29 -> 38000
A102: 174 | B102: MANT. Y REP. DE INSTALACIONES | C102: 4761.75 | D102: 4610 | E102: 4761.75 | F102: 4610 | K102: =+I102+G102+E102+C102+I66+G66+E66+C66+I30+G30+E30+C30 -> 118407.5 | L102: =+J102+H102+F102+D102+J66+H66+F66+D66+J30+H30+F30+D30 -> 37440
A103: 197 | B103: SERVICIOS DE VIGILANCIA | C103: 57200 | D103: 52000 | E103: 57200 | F103: 52000 | K103: =+I103+G103+E103+C103+I67+G67+E67+C67+I31+G31+E31+C31 -> 478400 | L103: =+J103+H103+F103+D103+J67+H67+F67+D67+J31+H31+F31+D31 -> 416000
A104: 199 | B104: OTROS SERVICIOS NO PERSONALES | C104: 61415.9 | D104: 69972.99 | E104: 51415.9 | F104: 97138.73 | K104: =+I104+G104+E104+C104+I68+G68+E68+C68+I32+G32+E32+C32 -> 604093.1 | L104: =+J104+H104+F104+D104+J68+H68+F68+D68+J32+H32+F32+D32 -> 570875.17
A105: 243 | B105: PRODUCTOS DE PAPEL O CARTON | C105: 0 | D105: 17428.32 | E105: 0 | F105: 0 | K105: =+I105+G105+E105+C105+I69+G69+E69+C69+I33+G33+E33+C33 -> 154711.24 | L105: =+J105+H105+F105+D105+J69+H69+F69+D69+J33+H33+F33+D33 -> 147363.24
A106: 261 | B106: ELEMENTOS Y COMPUESTOS QUIMICOS | C106: 0 | D106: 63672.76 | E106: 0 | F106: 74026.75 | K106: =+I106+G106+E106+C106+I70+G70+E70+C70+I34+G34+E34+C34 -> 836414.94 | L106: =+J106+H106+F106+D106+J70+H70+F70+D70+J34+H34+F34+D34 -> 639820.54
A107: 262 | B107: COMBUSTIBLES Y LUBRICANTES | C107: 0 | D107: 0 | E107: 0 | F107: 3804.48 | K107: =+I107+G107+E107+C107+I71+G71+E71+C71+I35+G35+E35+C35 -> 17000 | L107: =+J107+H107+F107+D107+J71+H71+F71+D71+J35+H35+F35+D35 -> 16999.48
... A117: 323 | B117: EQUIPO MEDICO-SANITARIO Y DE LABORATORIO | C117: 0 | D117: 579800 | E117: 0 | F117: 0 | K117: =+I117+G117+E117+C117+I81+G81+E81+C81+I45+G45+E45+C45 -> 15417468 | L117: =+J117+H117+F117+D117+J81+H81+F81+D81+J45+H45+F45+D45 -> 579800
B118: TOTAL GASTOS DE FUNCIONAMIENTO | C118: =SUM(C96:C117) -> 965668.5 | D118: =SUM(D96:D117) -> 11949316 | E118: =SUM(E96:E117) -> 232462.65 | F118: =SUM(F96:F117) -> 4028331.5 | G118: =SUM(G96:G117) -> 0 | H118: =SUM(H96:H117) -> 0 | I118: =SUM(I96:I117) -> 0 | J118: =SUM(J96:J117) -> 0 | ... L118: =SUM(L96:L117) -> 30640554
B119: TOTAL GENERAL | C119: =+C118+C93 -> 4951249.8 | D119: =+D118+D93 -> 15920566 | E119: =+E118+E93 -> 4218043.9 | F119: =+F118+F93 -> 8034976.4 | G119: =+G118+G93 -> 0 | H119: =+H118+H93 -> 0 | I119: =+I118+I93 -> 0 | J119: =+J118+J93 -> 0 | ... L119: =+L118+L93 -> 73321870
B143: RESUMEN AÑO 2025
A144: No. | B144: CATEGORIA DE GASTO | C144: TOTAL ANUAL
C145: PRESUPUESTO | D145: REAL
A146: 011 | B146: RECURSO HUMANO | C146: =+K21+K57+K93 -> 43201294 | D146: =+L21+L57+L93 -> 42681316
B148: GASTOS DE OPERACIÓN
A149: 111 | B149: ENERGIA ELECTRICA | C149: =+K24+K60+K96 -> 954000 | D149: =+L24+L60+L96 -> 863755.47
A150: 113 | B150: TELEFONIA | C150: =+K25+K61+K97 -> 106425 | D150: =+L25+L61+L97 -> 86719.56
A151: 122 | B151: IMPRESIÓN, ENCUADERNACION Y REPRODUCCION | C151: =+K26+K62+K98 -> 64244.05 | D151: =+L26+L62+L98 -> 63225.25
A152: 163 | B152: MANT. Y REP. EQUIPO MEDICO SANITARIO Y DE LAB. | C152: =+K27+K63+K99 -> 889367.13 | D152: =+L27+L63+L99 -> 759203.82
A153: 169 | B153: MANT. Y REP. DE OTRAS MAQ. Y EQUIPO | C153: =+K28+K64+K100 -> 42392.3 | D153: =+L28+L64+L100 -> 18350
A154: 171 | B154: MANT. Y REPARACION DE EDIFICIOS | C154: =+K29+K65+K101 -> 73100 | D154: =+L29+L65+L101 -> 38000
A155: 174 | B155: MANT. Y REP. DE INSTALACIONES | C155: =+K30+K66+K102 -> 118407.5 | D155: =+L30+L66+L102 -> 37440
A156: 197 | B156: SERVICIOS DE VIGILANCIA | C156: =+K31+K67+K103 -> 478400 | D156: =+L31+L67+L103 -> 416000
A157: 199 | B157: OTROS SERVICIOS NO PERSONALES | C157: =+K32+K68+K104 -> 604093.1 | D157: =+L32+L68+L104 -> 570875.17
A158: 243 | B158: PRODUCTOS DE PAPEL O CARTON | C158: =+K33+K69+K105 -> 154711.24 | D158: =+L33+L69+L105 -> 147363.24
A159: 261 | B159: ELEMENTOS Y COMPUESTOS QUIMICOS | C159: =+K34+K70+K106 -> 836414.94 | D159: =+L34+L70+L106 -> 639820.54
A160: 262 | B160: COMBUSTIBLES Y LUBRICANTES | C160: =+K35+K71+K107 -> 17000 | D160: =+L35+L71+L107 -> 16999.48
... A170: 323 | B170: EQUIPO MEDICO SANITARIO Y DE LABORATORIO | C170: =+K45+K81+K117 -> 15417468 | D170: =+L45+L81+L117 -> 579800
B171: TOTAL GASTOS DE FUNCIONAMIENTO | C171: =SUM(C149:C170) -> 54445536 | D171: =SUM(D149:D170) -> 30640554
B172: TOTAL GENERAL | C172: =+C171+C146 -> 97646830 | D172: =D171+D146 -> 73321870
B188: Elaborado por: | D188: ______________________________ | G188: Autorizado por: | I188: ___________________________________
D189: P.C. Víctor Cresencio Reyes Porres | I189: Lic. Douglas Antonio Díaz Rivera
D190: Jefe de Contabilidad | I190: Representante Legal
B192: Fecha: | D192: 10 de noviembre 2025

Sheet NOVIEMBRE DECE-5
B8: ÀREA FINANCIERA | K8: DECE-5
A10: UNIDAD DE CIRUGIA CARDIOVASCULAR DE GUATEMALA
A11: 5a. AVENIDA 6-22 ZONA 11
A12: dgunicar@yahoo.es Tel. 24163000
A14: Programación y ejecucion del mes de noviembre por tipo de gasto, año 2025, (Expresado en Quetzales)
A15: No. | B15: CATEGORIA DEL GASTO DE FUNCIONAMIENTO | C15: Enero | E15: Febrero | G15: Marzo | I15: Abril
C16: PROG. | D16: EJECUTADO | E16: PROG. | F16: EJECUTADO | G16: PROG. | H16: EJECUTADO | I16: PROG. | J16: EJECUTADO
B17: RECURSO HUMANO
A18: 011 | B18: SUELOS Y SALARIOS | C18: 3985581.3 | D18: 3442190.4 | E18: 3985581.3 | F18: 3499181.9 | G18: 3985581.3 | H18: 3551627.3 | I18: 3985581.3 | J18: =3946986.7-399869.63 -> 3547117.1
B19: BONO 14 | C19: 0 | D19: 0 | E19: 0 | F19: 0 | I19: 0
B20: CUOTA PATRONAL | C20: 0 | D20: 387999.9 | E20: 0 | F20: 394552.58 | H20: 400276.26 | I20: 0 | J20: 399869.63
B21: TOTAL RECURSO HUMANO | C21: =SUM(C18:C20) -> 3985581.3 | D21: =SUM(D18:D20) -> 3830190.3 | E21: =SUM(E18:E20) -> 3985581.3 | F21: =SUM(F18:F20) -> 3893734.5 | G21: =SUM(G18:G20) -> 3985581.3 | H21: =SUM(H18:H20) -> 3951903.5 | I21: =SUM(I18:I20) -> 3985581.3 | J21: =SUM(J18:J20) -> 3946986.7
B23: GASTOS DE OPERACIÓN
A24: 111 | B24: ENERGIA ELECTRICA | C24: 0 | D24: 0 | E24: 106000 | F24: 96455.75 | G24: 106000 | H24: 0 | I24: 106000 | J24: 107590.34
A25: 113 | B25: SERVICIO DE INTERNET Y TELEFONIA | C25: 0 | D25: 0 | E25: 11825 | F25: 8643.16 | G25: 11825 | H25: 8638.1 | I25: 11825 | J25: 8966.74
A26: 122 | B26: IMPRESIÓN, ENCUADERNACION Y REPRODUCCION | C26: 0 | D26: 0 | E26: 64244.05 | F26: 0 | G26: 0 | H26: 0 | I26: 0 | J26: 4154.5
A27: 163 | B27: MANT. Y REP. EQUIPO MEDICO SANITARIO Y DE LAB. | C27: 100000 | D27: 0 | E27: 0 | F27: 0 | G27: 304339.74 | H27: 0 | I27: 0 | J27: 19341.5
A28: 169 | B28: MANT. Y REP. DE OTRAS MAQUINARIAS Y EQUIPOS | C28: 20000 | D28: 0 | E28: 0 | F28: 0 | G28: 1680 | H28: 0 | I28: 0 | J28: 1600
A29: 171 | B29: MANT. Y REPARACION DE EDIFICIOS | C29: 50000 | D29: 0 | E29: 0 | F29: 0 | G29: 7770 | H29: 0 | I29: 1260 | J29: 1300
A30: 174 | B30: MANT. Y REP. DE INSTALACIONES | C30: 53344.25 | D30: 0 | E30: 3344.25 | F30: 6520 | G30: 4761.75 | H30: 0 | I30: 4761.75 | J30: 3260
A31: 197 | B31: SERVICIOS DE VIGILANCIA | C31: 0 | D31: 0 | E31: 52000 | F31: 0 | G31: 52000 | H31: 52000 | I31: 52000 | J31: 52000
A32: 199 | B32: OTROS SERVICIOS NO PERSONALES | C32: 0 | D32: 0 | E32: 127225.9 | F32: 0 | G32: 51415.9 | H32: 43988.88 | I32: 51415.9 | J32: 86010.21
A33: 243 | B33: PRODUCTOS DE PAPEL O CARTON | C33: 0 | D33: 0 | E33: 77602.26 | F33: 0 | G33: 0 | H33: 112506.6 | I33: 0 | J33: 0
A34: 261 | B34: ELEMENTOS Y COMPUESTOS QUIMICOS | C34: 0 | D34: 0 | E34: 812953.74 | F34: 0 | G34: 0 | H34: 105279.68 | I34: 0 | J34: 71517.99
A35: 262 | B35: COMBUSTIBLES Y LUBRICANTES | C35: 16999.48 | D35: 0 | E35: 0 | F35: 13195 | G35: 0 | H35: 0 | I35: 0 | J35: 0
... A45: 323 | B45: EQUIPO MEDICO-SANITARIO Y DE LABORATORIO | C45: 0 | D45: 0 | E45: 0 | F45: 0 | G45: 0 | H45: 0 | I45: 0 | J45: 0
B46: TOTAL GASTOS DE OPERACIÓN | C46: =SUM(C24:C45) -> 1165192.6 | D46: =SUM(D24:D45) -> 0 | E46: =SUM(E24:E45) -> 3598165.6 | F46: =SUM(F24:F45) -> 136886.92 | G46: =SUM(G24:G45) -> 539792.39 | H46: =SUM(H24:H45) -> 1879182.5 | I46: =SUM(I24:I45) -> 227262.65 | J46: =SUM(J24:J45) -> 1267854.5
B47: TOTAL GENERAL | C47: =+C46+C21 -> 5150773.9 | D47: =+D46+D21 -> 3830190.3 | E47: =+E46+E21 -> 7583746.8 | F47: =+F46+F21 -> 4030621.4 | G47: =+G46+G21 -> 4525373.7 | H47: =+H46+H21 -> 5831086.1 | I47: =+I46+I21 -> 4212843.9 | J47: =+J46+J21 -> 5214841.2
A50: =+A14 -> Programación y ejecucion del mes de noviembre por tipo de gasto, año 2025, (Expresado en Quetzales)
A51: No. | B51: =+B15 -> CATEGORIA DEL GASTO DE FUNCIONAMIENTO | C51: Mayo | E51: Junio | G51: Julio | I51: Agosto
C52: PROG. | D52: EJECUTADO | E52: PROG. | F52: EJECUTADO | G52: PROG. | H52: EJECUTADO | I52: PROG. | J52: EJECUTADO
A53: 011 | B53: RECURSO HUMANO
B54: SUELOS Y SALARIOS | C54: 3985581.3 | D54: 3571840.7 | E54: 3985581.3 | F54: 3574068.5 | G54: 7331062.7 | H54: 3541104.6 | I54: 3985581.3 | J54: 3577680.2
B55: BONO 14 | D55: 0 | H55: 3208721.7
B56: CUOTA PATRONAL | D56: 402550.66 | F56: 402616.11 | H56: 398875.22 | J56: 403148.83
B57: TOTAL RECURSO HUMANO | C57: =SUM(C54:C56) -> 3985581.3 | D57: =SUM(D54:D56) -> 3974391.3 | E57: =SUM(E54:E56) -> 3985581.3 | F57: =SUM(F54:F56) -> 3976684.6 | G57: =SUM(G54:G56) -> 7331062.7 | H57: =SUM(H54:H56) -> 7148701.5 | I57: =SUM(I54:I56) -> 3985581.3 | J57: =SUM(J54:J56) -> 3980829
B59: GASTOS DE OPERACIÓN
A60: 111 | B60: ENERGIA ELECTRICA | C60: 106000 | D60: 108453.52 | E60: 106000 | F60: 106384.31 | G60: 106000 | H60: 106955.3 | I60: 106000 | J60: 110648.44
A61: 113 | B61: SERVICIO DE INTERNET Y TELEFONIA | C61: 11825 | D61: 8811.18 | E61: 11825 | F61: 14256.06 | G61: 11825 | H61: 0 | I61: 11825 | J61: 14711.08
A62: 122 | B62: IMPRESIÓN, ENCUADERNACION Y REPRODUCCION | C62: 0 | D62: 9914.5 | E62: 0 | F62: 43465 | G62: 0 | H62: 5691.25 | I62: 0 | J62: 0
A63: 163 | B63: MANT. Y REP. EQUIPO MEDICO SANITARIO Y DE LAB. | C63: 152397.83 | D63: 110746 | E63: 25132.32 | F63: 67830 | G63: 226362.97 | H63: 122800 | I63: 14175 | J63: 171867.56
A64: 169 | B64: MANT. Y REP. DE OTRAS MAQUINARAIS Y EQUIPOS | C64: 19032.3 | D64: 0 | E64: 0 | F64: 0 | G64: 1680 | H64: 3300 | I64: 0 | J64: 11850
A65: 171 | B65: MANT. Y REPARACION DE EDIFICIOS | C65: 1260 | D65: 24000 | E65: 1260 | F65: 1300 | G65: 7770 | H65: 1300 | I65: 1260 | J65: 1300
A66: 174 | B66: MANT. Y REP. DE INSTALACIONES | C66: 28386.75 | D66: 5510 | E66: 4761.75 | F66: 4160 | G66: 4761.75 | H66: 4160 | I66: 4761.75 | J66: 4610
A67: 197 | B67: SERVICIOS DE VIGILANCIA | C67: 52000 | D67: 52000 | E67: 52000 | F67: 52000 | G67: 52000 | H67: 52000 | I67: 52000 | J67: 52000
A68: 199 | B68: OTROS SERVICIOS NO PERSONALES | C68: 61415.9 | D68: 40629.72 | E68: 51415.9 | F68: 62544.72 | G68: 96955.9 | H68: 71397.74 | I68: 51415.9 | J68: 99192.18
A69: 243 | B69: PRODUCTOS DE PAPEL O CARTON | C69: 76850.88 | D69: 0 | E69: 0 | F69: 0 | G69: 0 | H69: 0 | I69: 0 | J69: 17428.32
A70: 261 | B70: ELEMENTOS Y COMPUESTOS QUIMICOS | C70: 23461.2 | D70: 88377.94 | E70: 0 | F70: 72500.4 | G70: 0 | H70: 65966.68 | I70: 0 | J70: 98478.34
A71: 262 | B71: COMBUSTIBLES Y LUBRICANTES | C71: 0 | D71: 0 | E71: 0 | F71: 0 | G71: 0 | H71: 0 | I71: 0 | J71: 0
... A81: 323 | B81: EQUIPO MEDICO-SANITARIO Y DE LABORATORIO | C81: 0 | D81: 0 | E81: 4417467.8 | F81: 0 | G81: 4000000 | H81: 0 | I81: 6922341.2 | J81: 0
B82: TOTAL GASTOS DE OPERACIÓN | C82: =SUM(C60:C81) -> 2828464.5 | D82: =SUM(D60:D81) -> 1415750.8 | E82: =SUM(E60:E81) -> 33139324 | F82: =SUM(F60:F81) -> 1862268 | G82: =SUM(G60:G81) -> 4507355.6 | H82: =SUM(H60:H81) -> 2777077.4 | I82: =SUM(I60:I81) -> 7163778.9 | J82: =SUM(J60:J81) -> 5323886.5
B83: TOTAL GENERAL | C83: =+C82+C57 -> 6814045.8 | D83: =+D82+D57 -> 5390142.1 | E83: =+E82+E57 -> 37124905 | F83: =+F82+F57 -> 5838952.5 | G83: =+G82+G57 -> 11838418 | H83: =+H82+H57 -> 9925778.9 | I83: =+I82+I57 -> 11149360 | J83: =+J82+J57 -> 9304715.6
A86: =+A50 -> Programación y ejecucion del mes de noviembre por tipo de gasto, año 2025, (Expresado en Quetzales)
A87: No. | B87: CATEGORIA DE GASTO | C87: SEPTIEMBRE | E87: OCTUBRE | G87: NOVIEMBRE | I87: DICIEMBRE | K87: Total acumulado anual
C88: PROG. | D88: EJECUTADO | E88: PROG. | F88: EJECUTADO | G88: PROG. | H88: EJECUTADO | I88: PROG. | J88: EJECUTADO | K88: PROG. | L88: EJECUTADO
A89: 011 | B89: RECURSO HUMANO
B90: SUELOS Y SALARIOS | C90: 3985581.3 | D90: 3569080.1 | E90: 3985581.3 | F90: 3601043.2 | G90: 3985581.3 | H90: 3808724.7 | K90: =+I90+G90+E90+C90+I54+G54+E54+C54+I18+G18+E18+C18 -> 47186875 | L90: =+J90+H90+F90+D90+J54+H54+F54+D54+J18+H18+F18+D18 -> 39283659
B91: BONO 14 | C91: 0 | D91: 0 | E91: 0 | F91: 0 | K91: =+I91+G91+E91+C91+I55+G55+E55+C55+I19+G19+E19+C19 -> 0 | L91: =+J91+H91+F91+D91+J55+H55+F55+D55+J19+H19+F19+D19 -> 3208721.7
B92: CUOTA PATRONAL | C92: 0 | D92: 402169.52 | E92: 0 | F92: 405601.66 | H92: 428802.87 | K92: =+I92+G92+E92+C92+I56+G56+E56+C56+I20+G20+E20+C20 -> 0 | L92: =+J92+H92+F92+D92+J56+H56+F56+D56+J20+H20+F20+D20 -> 4426463.2
B93: TOTAL RECURSO HUMANO | C93: =SUM(C90:C92) -> 3985581.3 | D93: =SUM(D90:D92) -> 3971249.6 | E93: =SUM(E90:E92) -> 3985581.3 | F93: =SUM(F90:F92) -> 4006644.9 | G93: =SUM(G90:G92) -> 3985581.3 | H93: =SUM(H90:H92) -> 4237527.5 | I93: =SUM(I90:I92) -> 0 | J93: =SUM(J90:J92) -> 0 | ... L93: =SUM(L90:L92) -> 46918844
B95: GASTOS DE FUNCIONAMIENTO
A96: 111 | B96: ENERGIA ELECTRICA | C96: 106000 | D96: 111274.97 | E96: 106000 | F96: 115992.84 | G96: 106000 | H96: 105161.85 | K96: =+I96+G96+E96+C96+I60+G60+E60+C60+I24+G24+E24+C24 -> 1060000 | L96: =+J96+H96+F96+D96+J60+H60+F60+D60+J24+H24+F24+D24 -> 968917.32
A97: 113 | B97: SERVICIO DE INTERNET Y TELEFONIA | C97: 11825 | D97: 11300.5 | E97: 11825 | F97: 11392.74 | G97: 3674.65 | H97: 8600.98 | K97: =+I97+G97+E97+C97+I61+G61+E61+C61+I25+G25+E25+C25 -> 110099.65 | L97: =+J97+H97+F97+D97+J61+H61+F61+D61+J25+H25+F25+D25 -> 95320.54
A98: 122 | B98: IMPRESIÓN, ENCUADERNACION Y REPRODUCCION | C98: 0 | D98: 0 | E98: 0 | F98: 0 | G98: 0 | H98: 0 | K98: =+I98+G98+E98+C98+I62+G62+E62+C62+I26+G26+E26+C26 -> 64244.05 | L98: =+J98+H98+F98+D98+J62+H62+F62+D62+J26+H26+F26+D26 -> 63225.25
A99: 163 | B99: MANT. Y REP. EQUIPO MEDICO SANITARIO Y DE LAB. | C99: 66959.27 | D99: 201336.94 | E99: 0 | F99: 65281.82 | G99: 404486.09 | H99: 148962.48 | K99: =+I99+G99+E99+C99+I63+G63+E63+C63+I27+G27+E27+C27 -> 1293853.2 | L99: =+J99+H99+F99+D99+J63+H63+F63+D63+J27+H27+F27+D27 -> 908166.3
A100: 169 | B100: MANT. Y REP. DE OTRAS MAQUINARIAS Y EQUIPOS | C100: 0 | D100: 1600 | E100: 0 | F100: 0 | G100: 23887.7 | H100: 5057.14 | K100: =+I100+G100+E100+C100+I64+G64+E64+C64+I28+G28+E28+C28 -> 66280 | L100: =+J100+H100+F100+D100+J64+H64+F64+D64+J28+H28+F28+D28 -> 23407.14
A101: 171 | B101: MANT. Y REPARACION DE EDIFICIOS | C101: 1260 | D101: 7500 | E101: 1260 | F101: 1300 | G101: 7770 | H101: 1300 | K101: =+I101+G101+E101+C101+I65+G65+E65+C65+I29+G29+E29+C29 -> 80870 | L101: =+J101+H101+F101+D101+J65+H65+F65+D65+J29+H29+F29+D29 -> 39300
A102: 174 | B102: MANT. Y REP. DE INSTALACIONES | C102: 4761.75 | D102: 4610 | E102: 4761.75 | F102: 4610 | G102: 4761.75 | H102: 29260 | K102: =+I102+G102+E102+C102+I66+G66+E66+C66+I30+G30+E30+C30 -> 123169.25 | L102: =+J102+H102+F102+D102+J66+H66+F66+D66+J30+H30+F30+D30 -> 66700
A103: 197 | B103: SERVICIOS DE VIGILANCIA | C103: 57200 | D103: 52000 | E103: 57200 | F103: 52000 | G103: 46800 | H103: 52000 | K103: =+I103+G103+E103+C103+I67+G67+E67+C67+I31+G31+E31+C31 -> 525200 | L103: =+J103+H103+F103+D103+J67+H67+F67+D67+J31+H31+F31+D31 -> 468000
A104: 199 | B104: OTROS SERVICIOS NO PERSONALES | C104: 61415.9 | D104: 69972.99 | E104: 51415.9 | F104: 97138.73 | G104: 51415.9 | H104: 16020.64 | K104: =+I104+G104+E104+C104+I68+G68+E68+C68+I32+G32+E32+C32 -> 655509 | L104: =+J104+H104+F104+D104+J68+H68+F68+D68+J32+H32+F32+D32 -> 586895.81
A105: 243 | B105: PRODUCTOS DE PAPEL O CARTON | C105: 0 | D105: 17428.32 | E105: 0 | F105: 0 | G105: 0 | H105: 7089.9 | K105: =+I105+G105+E105+C105+I69+G69+E69+C69+I33+G33+E33+C33 -> 154453.14 | L105: =+J105+H105+F105+D105+J69+H69+F69+D69+J33+H33+F33+D33 -> 154453.14
A106: 261 | B106: ELEMENTOS Y COMPUESTOS QUIMICOS | C106: 0 | D106: 63672.76 | E106: 0 | F106: 74026.75 | G106: 0 | H106: 56837.19 | K106: =+I106+G106+E106+C106+I70+G70+E70+C70+I34+G34+E34+C34 -> 836414.94 | L106: =+J106+H106+F106+D106+J70+H70+F70+D70+J34+H34+F34+D34 -> 696657.73
A107: 262 | B107: COMBUSTIBLES Y LUBRICANTES | C107: 0 | D107: 0 | E107: 0 | F107: 3804.48 | G107: 0 | H107: 0 | K107: =+I107+G107+E107+C107+I71+G71+E71+C71+I35+G35+E35+C35 -> 16999.48 | L107: =+J107+H107+F107+D107+J71+H71+F71+D71+J35+H35+F35+D35 -> 16999.48
... A113: 295 | B113: UTILES MENORES MEDICO QUIRURGICOS Y DE LAB. | C113: 506978.35 | D113: 10526627 | E113: 0 | F113: 3370725 | G113: 92967.59 | H113: 5670725 | K113: =+I113+G113+E113+C113+I77+G77+E77+C77+I41+G41+E41+C41 -> 32549827 | L113: =+J113+H113+F113+D113+J77+H77+F77+D77+J41+H41+F41+D41 -> 30344177
A114: 297 | B114: UTILES, ACCESORIOS Y MATERIALES ELECTRICOS | C114: 3809.02 | D114: 0 | E114: 0 | F114: 0 | H114: 0 | K114: =+I114+G114+E114+C114+I78+G78+E78+C78+I42+G42+E42+C42 -> 45599.4 | L114: =+J114+H114+F114+D114+J78+H78+F78+D78+J42+H42+F42+D42 -> 28199.4
A115: 298 | B115: ACCESORIOS Y REPUESTOS EN GENERAL | C115: 0 | D115: 64100 | E115: 0 | F115: 82320 | H115: 39668.28 | K115: =+I115+G115+E115+C115+I79+G79+E79+C79+I43+G43+E43+C43 -> 400000 | L115: =+J115+H115+F115+D115+J79+H79+F79+D79+J43+H43+F43+D43 -> 354328.34
A116: 299 | B116: OTROS MATERIALES Y SUMINISTROS | C116: 0 | D116: 121345 | E116: 0 | F116: 19000 | H116: 36989 | K116: =+I116+G116+E116+C116+I80+G80+E80+C80+I44+G44+E44+C44 -> 299998.9 | L116: =+J116+H116+F116+D116+J80+H80+F80+D80+J44+H44+F44+D44 -> 265727.9
A117: 323 | B117: EQUIPO MEDICO-SANITARIO Y DE LABORATORIO | C117: 0 | D117: 579800 | E117: 0 | F117: 0 | H117: 9461000 | K117: =+I117+G117+E117+C117+I81+G81+E81+C81+I45+G45+E45+C45 -> 15339809 | L117: =+J117+H117+F117+D117+J81+H81+F81+D81+J45+H45+F45+D45 -> 10040800
B118: TOTAL GASTOS DE FUNCIONAMIENTO | C118: =SUM(C96:C117) -> 895576.53 | D118: =SUM(D96:D117) -> 11949316 | E118: =SUM(E96:E117) -> 232462.65 | F118: =SUM(F96:F117) -> 4028331.5 | G118: =SUM(G96:G117) -> 741763.68 | H118: =SUM(H96:H117) -> 15852502 | I118: =SUM(I96:I117) -> 0 | J118: =SUM(J96:J117) -> 0 | ... L118: =SUM(L96:L117) -> 46493057
B119: TOTAL GENERAL | C119: =+C118+C93 -> 4881157.8 | D119: =+D118+D93 -> 15920566 | E119: =+E118+E93 -> 4218043.9 | F119: =+F118+F93 -> 8034976.4 | G119: =+G118+G93 -> 4727345 | H119: =+H118+H93 -> 20090030 | I119: =+I118+I93 -> 0 | J119: =+J118+J93 -> 0 | ... L119: =+L118+L93 -> 93411900
B143: RESUMEN AÑO 2025
A144: No. | B144: CATEGORIA DE GASTO | C144: TOTAL ANUAL
C145: PRESUPUESTO | D145: REAL
A146: 011 | B146: RECURSO HUMANO | C146: =+K21+K57+K93 -> 47186875 | D146: =+L21+L57+L93 -> 46918844
B148: GASTOS DE OPERACIÓN
A149: 111 | B149: ENERGIA ELECTRICA | C149: =+K24+K60+K96 -> 1060000 | D149: =+L24+L60+L96 -> 968917.32
A150: 113 | B150: TELEFONIA | C150: =+K25+K61+K97 -> 110099.65 | D150: =+L25+L61+L97 -> 95320.54
A151: 122 | B151: IMPRESIÓN, ENCUADERNACION Y REPRODUCCION | C151: =+K26+K62+K98 -> 64244.05 | D151: =+L26+L62+L98 -> 63225.25
A152: 163 | B152: MANT. Y REP. EQUIPO MEDICO SANITARIO Y DE LAB. | C152: =+K27+K63+K99 -> 1293853.2 | D152: =+L27+L63+L99 -> 908166.3
A153: 169 | B153: MANT. Y REP. DE OTRAS MAQ. Y EQUIPO | C153: =+K28+K64+K100 -> 66280 | D153: =+L28+L64+L100 -> 23407.14
A154: 171 | B154: MANT. Y REPARACION DE EDIFICIOS | C154: =+K29+K65+K101 -> 80870 | D154: =+L29+L65+L101 -> 39300
A155: 174 | B155: MANT. Y REP. DE INSTALACIONES | C155: =+K30+K66+K102 -> 123169.25 | D155: =+L30+L66+L102 -> 66700
A156: 197 | B156: SERVICIOS DE VIGILANCIA | C156: =+K31+K67+K103 -> 525200 | D156: =+L31+L67+L103 -> 468000
A157: 199 | B157: OTROS SERVICIOS NO PERSONALES | C157: =+K32+K68+K104 -> 655509 | D157: =+L32+L68+L104 -> 586895.81
A158: 243 | B158: PRODUCTOS DE PAPEL O CARTON | C158: =+K33+K69+K105 -> 154453.14 | D158: =+L33+L69+L105 -> 154453.14
A159: 261 | B159: ELEMENTOS Y COMPUESTOS QUIMICOS | C159: =+K34+K70+K106 -> 836414.94 | D159: =+L34+L70+L106 -> 696657.73
A160: 262 | B160: COMBUSTIBLES Y LUBRICANTES | C160: =+K35+K71+K107 -> 16999.48 | D160: =+L35+L71+L107 -> 16999.48
... A170: 323 | B170: EQUIPO MEDICO SANITARIO Y DE LABORATORIO | C170: =+K45+K81+K117 -> 15339809 | D170: =+L45+L81+L117 -> 10040800
B171: TOTAL GASTOS DE FUNCIONAMIENTO | C171: =SUM(C149:C170) -> 55039139 | D171: =SUM(D149:D170) -> 46493057
B172: TOTAL GENERAL | C172: =+C171+C146 -> 1.0222601e+08 | D172: =D171+D146 -> 93411900
...

Sheet SEPTIEMBRE ANEXO A DECE-5
B8: ÀREA FINANCIERA | I8: ANEXO DE DECE-5
A10: UNIDAD DE CIRUGIA CARDIOVASCULAR DE GUATEMALA
A11: 5a. AVENIDA 6-22 ZONA 11
A12: dgunicar@yahoo.es Tel. 24163000
A14: Programación mensual por tipo de gasto año 2018, Expresado en Quetzales primer cuatrimestre 2018
A15: No. | B15: CATEGORIA DE GASTO | C15: ENERO | E15: FEBRERO | G15: MARZO | I15: ABRIL
C16: PRESUPUESTO | D16: REAL | E16: PRESUPUESTO | F16: REAL | G16: PRESUPUESTO | H16: REAL | I16: PRESUPUESTO | J16: REAL
B17: RECURSO HUMANO | C17: 1764858.4 | D17: 1492317.4 | E17: 1764858.4 | F17: 1792563.6 | G17: 1764858.4 | H17: 1578007.9 | I17: 1764858.4 | J17: 1803793.6
B19: GASTOS DE FUNCIONAMIENTO | C19: =+C27+C43 -> 2818474.9 | D19: =+D27+D43 -> 0 | E19: =+E27+E43 -> 2818474.9 | F19: =+F27+F43 -> 67111.02 | G19: =+G27+G43 -> 2818474.9 | H19: =+H27+H43 -> 58543.64 | I19: =+I27+I43 -> 2818474.9 | J19: =+J27+J43 -> 3743927.3
B20: ENERGIA ELECTRICA | C20: 62500 | E20: 62500 | F20: 56112.02 | G20: 62500 | I20: 62500 | J20: 68083.01
B21: TELEFONIA | C21: 7500 | E21: 7500 | F21: 10999 | G21: 7500 | H21: 11011 | I21: 7500 | J21: 10992
B22: IMPRESIÓN, ENCUADERNACION Y REPRODUCCION | C22: 8133.97 | E22: 8133.97 | G22: 8133.97 | I22: 8133.97 | J22: 4358
B23: MANT. Y REP. EQUIPO MEDICO SANITARIO Y DE LAB. | C23: 33333.33 | E23: 33333.33 | G23: 33333.33 | I23: 33333.33 | J23: 45020
B24: SERVICIOS MEDICO-SANITARIOS | C24: 165141.75 | E24: 165141.75 | G24: 165141.75 | H24: 1000 | I24: 165141.75 | J24: 26842.86
B25: SERVICIOS DE VIGILANCIA | C25: 40000 | E25: 40000 | G25: 40000 | I25: 40000 | J25: 76240
B26: OTROS SERVICIOS NO PERSONALES | C26: 26305.03 | E26: 26305.03 | G26: 26305.03 | H26: 46532.64 | I26: 26305.03 | J26: 55063.68
B27: SUMA GASTOS GENERALES | C27: =SUM(C20:C26) -> 342914.08 | D27: =SUM(D20:D26) -> 0 | E27: =SUM(E20:E26) -> 342914.08 | F27: =SUM(F20:F26) -> 67111.02 | G27: =SUM(G20:G26) -> 342914.08 | H27: =SUM(H20:H26) -> 58543.64 | I27: =SUM(I20:I26) -> 342914.08 | J27: =SUM(J20:J26) -> 286599.55
B28: MATERIALES Y SUMINISTROS
B29: ALIMENTOS PARA PERSONAS | C29: 60936.45 | E29: 60936.45 | G29: 60936.45 | I29: 60936.45 | J29: 202940.25
B30: ACABADOS TEXTILES | C30: 600 | E30: 600 | G30: 600 | I30: 600
B31: PRODUCTOS DE PAPEL O CARTON | C31: 945.42 | E31: 945.42 | G31: 945.42 | I31: 945.42
B32: ELEMENTOS Y COMPUESTOS QUIMICOS | C32: 169652.57 | E32: 169652.57 | G32: 169652.57 | I32: 169652.57 | J32: 178282.05
B33: COMBUSTIBLES Y LUBRICANTES | C33: 912 | E33: 912 | G33: 912 | I33: 912
B34: PRODUCTOS MEDICINALES Y FARMACEUTICOS | C34: 427229.65 | E34: 427229.65 | G34: 427229.65 | I34: 427229.65 | J34: 1425199.8
B35: TINTES, PINTURAS Y COLORANTES | C35: 100 | E35: 100 | G35: 100 | I35: 100
B36: PRODUCTOS PLASTICOS, NYLON, VINIL Y PVC | C36: 13579.7 | E36: 13579.7 | G36: 13579.7 | I36: 13579.7 | J36: 75162.24
B37: OTROS PRODUCTOS METALICOS | C37: 310 | E37: 310 | G37: 310 | I37: 310
B38: UTILES DE LIMPIEZA Y PRODUCTOS SANITARIOS | C38: 10809.43 | E38: 10809.43 | G38: 10809.43 | I38: 10809.43 | J38: 14528.6
B39: UTILES MENORES MEDICO QUIRURGICOS Y DE LAB. | C39: 1780006.3 | E39: 1780006.3 | G39: 1780006.3 | I39: 1780006.3 | J39: 1545914.8
B40: UTILES, ACCESORIOS Y MATERIALES ELECTRICOS | C40: 2208.7 | E40: 2208.7 | G40: 2208.7 | I40: 2208.7 | J40: 15300
B41: ACCESORIOS Y REPUESTOS EN GENERAL | C41: 8105.1 | E41: 8105.1 | G41: 8105.1 | I41: 8105.1
B42: OTROS MATERIALES Y SUMINISTROS | C42: 165.5 | E42: 165.5 | G42: 165.5 | I42: 165.5
B43: TOTAL MATERIALES Y SUMINISTROS | C43: =SUM(C29:C42) -> 2475560.8 | D43: =SUM(D29:D42) -> 0 | E43: =SUM(E29:E42) -> 2475560.8 | F43: =SUM(F29:F42) -> 0 | G43: =SUM(G29:G42) -> 2475560.8 | H43: =SUM(H29:H42) -> 0 | I43: =SUM(I29:I42) -> 2475560.8 | J43: =SUM(J29:J42) -> 3457327.8
A46: Programación mensual por tipo de gasto año 2016, Expresado en Quetzales
A47: No. | B47: Categoría de Gasto | C47: Julio | E47: Agosto | G47: Septiembre
B48: Recurso Humano | C48: Pto. | D48: Real | E48: Pto. | F48: Real | G48: Pto. | H48: Real
B51: Gastos de Funcionamiento
B52: detallar cada gasto cargado
A60: TOTALES
A73: Programación mensual por tipo de gasto año 2018, Expresado en Quetzales segundo cuatrimestre 2018
A74: No. | B74: CATEGORIA DE GASTO | C74: MAYO | E74: JUNIO | G74: JULIO | I74: AGOSTO
C75: PRESUPUESTO | D75: REAL | E75: PRESUPUESTO | F75: REAL | G75: PRESUPUESTO | H75: REAL | I75: PRESUPUESTO | J75: REAL
B76: RECURSO HUMANO | C76: 1764858.4 | D76: 2281196.2 | E76: 1764858.4 | F76: 1896496.9
B78: GASTOS DE FUNCIONAMIENTO | C78: =+C86+C102 -> 2818474.9 | D78: =+D86+D102 -> 3820610.3 | E78: =+E86+E102 -> 2818474.9 | F78: =+F86+F102 -> 2361172.2 | G78: =+G86+G102 -> 0 | H78: =+H86+H102 -> 0 | I78: =+I86+I102 -> 0 | J78: =+J86+J102 -> 0
B79: ENERGIA ELECTRICA | C79: 62500 | D79: 138609.61 | E79: 62500
B80: TELEFONIA | C80: 7500 | D80: 9818.25 | E80: 7500 | F80: 9560.36
B81: IMPRESIÓN, ENCUADERNACION Y REPRODUCCION | C81: 8133.97 | E81: 8133.97 | F81: 39787
B82: MANT. Y REP. EQUIPO MEDICO SANITARIO Y DE LAB. | C82: 33333.33 | D82: 19161.8 | E82: 33333.33
B83: SERVICIOS MEDICO-SANITARIOS | C83: 165141.75 | D83: 4057.14 | E83: 165141.75 | F83: 184282.78
B84: SERVICIOS DE VIGILANCIA | C84: 40000 | D84: 38120 | E84: 40000 | F84: 38120
B85: OTROS SERVICIOS NO PERSONALES | C85: 26305.03 | D85: 48548.64 | E85: 26305.03 | F85: 44604
B86: SUMA GASTOS GENERALES | C86: =SUM(C79:C85) -> 342914.08 | D86: =SUM(D79:D85) -> 258315.44 | E86: =SUM(E79:E85) -> 342914.08 | F86: =SUM(F79:F85) -> 316354.14 | G86: =SUM(G79:G85) -> 0 | H86: =SUM(H79:H85) -> 0 | I86: =SUM(I79:I85) -> 0 | J86: =SUM(J79:J85) -> 0
B87: MATERIALES Y SUMINISTROS
B88: ALIMENTOS PARA PERSONAS | C88: 60936.45 | D88: 1023 | E88: 60936.45 | F88: 58023.7
B89: ACABADOS TEXTILES | C89: 600 | E89: 600
B90: PRODUCTOS DE PAPEL O CARTON | C90: 945.42 | E90: 945.42
B91: ELEMENTOS Y COMPUESTOS QUIMICOS | C91: 169652.57 | D91: 181188.84 | E91: 169652.57 | F91: 66957.58
B92: COMBUSTIBLES Y LUBRICANTES | C92: 912 | E92: 912
B93: PRODUCTOS MEDICINALES Y FARMACEUTICOS | C93: 427229.65 | D93: 535053.33 | E93: 427229.65 | F93: 261536.69
B94: TINTES, PINTURAS Y COLORANTES | C94: 100 | E94: 100
B95: PRODUCTOS PLASTICOS, NYLON, VINIL Y PVC | C95: 13579.7 | D95: 6224.76 | E95: 13579.7 | F95: 6630
B96: OTROS PRODUCTOS METALICOS | C96: 310 | D96: 3610 | E96: 310
B97: UTILES DE LIMPIEZA Y PRODUCTOS SANITARIOS | C97: 10809.43 | D97: 39404.76 | E97: 10809.43 | F97: 23463
B98: UTILES MENORES MEDICO QUIRURGICOS Y DE LAB. | C98: 1780006.3 | D98: 2752150.2 | E98: 1780006.3 | F98: 1617110.1
B99: UTILES, ACCESORIOS Y MATERIALES ELECTRICOS | C99: 2208.7 | E99: 2208.7 | F99: 11097
B100: ACCESORIOS Y REPUESTOS EN GENERAL | C100: 8105.1 | D100: 43640 | E100: 8105.1
B101: OTROS MATERIALES Y SUMINISTROS | C101: 165.5 | E101: 165.5
B102: TOTAL MATERIALES Y SUMINISTROS | C102: =SUM(C88:C101) -> 2475560.8 | D102: =SUM(D88:D101) -> 3562294.9 | E102: =SUM(E88:E101) -> 2475560.8 | F102: =SUM(F88:F101) -> 2044818 | G102: =SUM(G88:G101) -> 0 | H102: =SUM(H88:H101) -> 0 | I102: =SUM(I88:I101) -> 0 | J102: =SUM(J88:J101) -> 0
A123: Programación mensual por tipo de gasto año 2017, Expresado en Quetzales tercer cuatrimestre 2018
A124: No. | B124: CATEGORIA DE GASTO | C124: SEPTIEMBRE | E124: OCTUBRE | G124: NOVIEMBRE | I124: DICIEMBRE
C125: PRESUPUESTO | D125: REAL | E125: PRESUPUESTO | F125: REAL | G125: PRESUPUESTO | H125: REAL | I125: PRESUPUESTO | J125: REAL
B126: RECURSO HUMANO
B128: GASTOS DE FUNCIONAMIENTO | C128: =+C136+C152 -> 0 | D128: =+D136+D152 -> 0 | E128: =+E136+E152 -> 0 | F128: =+F136+F152 -> 0 | G128: =+G136+G152 -> 0 | H128: =+H136+H152 -> 0 | I128: =+I136+I152 -> 0 | J128: =+J136+J152 -> 0
B129: ENERGIA ELECTRICA
B130: TELEFONIA
B131: IMPRESIÓN, ENCUADERNACION Y REPRODUCCION
B132: MANT. Y REP. EQUIPO MEDICO SANITARIO Y DE LAB.
B133: SERVICIOS MEDICO-SANITARIOS
B134: SERVICIOS DE VIGILANCIA
B135: OTROS SERVICIOS NO PERSONALES
B136: SUMA GASTOS GENERALES | C136: =SUM(C129:C135) -> 0 | D136: =SUM(D129:D135) -> 0 | E136: =SUM(E129:E135) -> 0 | F136: =SUM(F129:F135) -> 0 | G136: =SUM(G129:G135) -> 0 | H136: =SUM(H129:H135) -> 0 | I136: =SUM(I129:I135) -> 0 | J136: =SUM(J129:J135) -> 0
B137: MATERIALES Y SUMINISTROS
B138: ALIMENTOS PARA PERSONAS
B139: AVABADOS TEXTILES
B140: PRODUCTOS DE PAPEL O CARTON
B141: ELEMENTOS Y COMPUESTOS QUIMICOS
B142: COMBUSTIBLES Y LUBRICANTES
B143: PRODUCTOS MEDICINALES Y FARMACEUTICOS
B144: TINTES, PINTURAS Y COLORANTES
B145: PRODUCTOS PLASTICOS, NYLON, VINIL Y PVC
B146: OTROS PRODUCTOS METALICOS
B147: UTILES DE LIMPIEZA Y PRODUCTOS SANITARIOS
B148: UTILES MENORES MEDICO QUIRURGICOS Y DE LAB.
... B151: OTROS MATERIALES Y SUMINISTROS
B152: TOTAL MATERIALES Y SUMINISTROS | C152: =SUM(C138:C151) -> 0 | D152: =SUM(D138:D151) -> 0 | E152: =SUM(E138:E151) -> 0 | F152: =SUM(F138:F151) -> 0 | G152: =SUM(G138:G151) -> 0 | H152: =SUM(H138:H151) -> 0 | I152: =SUM(I138:I151) -> 0 | J152: =SUM(J138:J151) -> 0
C177: PROGRAMACION POR TIPO DE GASTO AÑO 2025
C178: RESUMEN AL 30 DE SEPTIEMBRE 2025
C179: No. | D179: CATEGORIA DEL GASTO DE FUNCIONAMIENTO | E179: TOTAL ANUAL
E180: PRESUPUESTO | F180: COMPROMETIDO
C181: 011 | D181: RECURSO HUMANO | E181: =+'SEPTIEMBRE DECE-5'!K124 -> 39215713 | F181: =+'SEPTIEMBRE DECE-5'!L124 -> 38674671
...

Sheet OCTUBRE ANEXO A DECE-5
B8: ÀREA FINANCIERA | I8: ANEXO DE DECE-5
A10: UNIDAD DE CIRUGIA CARDIOVASCULAR DE GUATEMALA
A11: 5a. AVENIDA 6-22 ZONA 11
A12: dgunicar@yahoo.es Tel. 24163000
A14: Programación mensual por tipo de gasto año 2018, Expresado en Quetzales primer cuatrimestre 2018
A15: No. | B15: CATEGORIA DE GASTO | C15: ENERO | E15: FEBRERO | G15: MARZO | I15: ABRIL
C16: PRESUPUESTO | D16: REAL | E16: PRESUPUESTO | F16: REAL | G16: PRESUPUESTO | H16: REAL | I16: PRESUPUESTO | J16: REAL
B17: RECURSO HUMANO | C17: 1764858.4 | D17: 1492317.4 | E17: 1764858.4 | F17: 1792563.6 | G17: 1764858.4 | H17: 1578007.9 | I17: 1764858.4 | J17: 1803793.6
B19: GASTOS DE FUNCIONAMIENTO | C19: =+C27+C43 -> 2818474.9 | D19: =+D27+D43 -> 0 | E19: =+E27+E43 -> 2818474.9 | F19: =+F27+F43 -> 67111.02 | G19: =+G27+G43 -> 2818474.9 | H19: =+H27+H43 -> 58543.64 | I19: =+I27+I43 -> 2818474.9 | J19: =+J27+J43 -> 3743927.3
B20: ENERGIA ELECTRICA | C20: 62500 | E20: 62500 | F20: 56112.02 | G20: 62500 | I20: 62500 | J20: 68083.01
B21: TELEFONIA | C21: 7500 | E21: 7500 | F21: 10999 | G21: 7500 | H21: 11011 | I21: 7500 | J21: 10992
B22: IMPRESIÓN, ENCUADERNACION Y REPRODUCCION | C22: 8133.97 | E22: 8133.97 | G22: 8133.97 | I22: 8133.97 | J22: 4358
B23: MANT. Y REP. EQUIPO MEDICO SANITARIO Y DE LAB. | C23: 33333.33 | E23: 33333.33 | G23: 33333.33 | I23: 33333.33 | J23: 45020
B24: SERVICIOS MEDICO-SANITARIOS | C24: 165141.75 | E24: 165141.75 | G24: 165141.75 | H24: 1000 | I24: 165141.75 | J24: 26842.86
B25: SERVICIOS DE VIGILANCIA | C25: 40000 | E25: 40000 | G25: 40000 | I25: 40000 | J25: 76240
B26: OTROS SERVICIOS NO PERSONALES | C26: 26305.03 | E26: 26305.03 | G26: 26305.03 | H26: 46532.64 | I26: 26305.03 | J26: 55063.68
B27: SUMA GASTOS GENERALES | C27: =SUM(C20:C26) -> 342914.08 | D27: =SUM(D20:D26) -> 0 | E27: =SUM(E20:E26) -> 342914.08 | F27: =SUM(F20:F26) -> 67111.02 | G27: =SUM(G20:G26) -> 342914.08 | H27: =SUM(H20:H26) -> 58543.64 | I27: =SUM(I20:I26) -> 342914.08 | J27: =SUM(J20:J26) -> 286599.55
B28: MATERIALES Y SUMINISTROS
B29: ALIMENTOS PARA PERSONAS | C29: 60936.45 | E29: 60936.45 | G29: 60936.45 | I29: 60936.45 | J29: 202940.25
B30: ACABADOS TEXTILES | C30: 600 | E30: 600 | G30: 600 | I30: 600
B31: PRODUCTOS DE PAPEL O CARTON | C31: 945.42 | E31: 945.42 | G31: 945.42 | I31: 945.42
B32: ELEMENTOS Y COMPUESTOS QUIMICOS | C32: 169652.57 | E32: 169652.57 | G32: 169652.57 | I32: 169652.57 | J32: 178282.05
B33: COMBUSTIBLES Y LUBRICANTES | C33: 912 | E33: 912 | G33: 912 | I33: 912
B34: PRODUCTOS MEDICINALES Y FARMACEUTICOS | C34: 427229.65 | E34: 427229.65 | G34: 427229.65 | I34: 427229.65 | J34: 1425199.8
B35: TINTES, PINTURAS Y COLORANTES | C35: 100 | E35: 100 | G35: 100 | I35: 100
B36: PRODUCTOS PLASTICOS, NYLON, VINIL Y PVC | C36: 13579.7 | E36: 13579.7 | G36: 13579.7 | I36: 13579.7 | J36: 75162.24
B37: OTROS PRODUCTOS METALICOS | C37: 310 | E37: 310 | G37: 310 | I37: 310
B38: UTILES DE LIMPIEZA Y PRODUCTOS SANITARIOS | C38: 10809.43 | E38: 10809.43 | G38: 10809.43 | I38: 10809.43 | J38: 14528.6
B39: UTILES MENORES MEDICO QUIRURGICOS Y DE LAB. | C39: 1780006.3 | E39: 1780006.3 | G39: 1780006.3 | I39: 1780006.3 | J39: 1545914.8
B40: UTILES, ACCESORIOS Y MATERIALES ELECTRICOS | C40: 2208.7 | E40: 2208.7 | G40: 2208.7 | I40: 2208.7 | J40: 15300
B41: ACCESORIOS Y REPUESTOS EN GENERAL | C41: 8105.1 | E41: 8105.1 | G41: 8105.1 | I41: 8105.1
B42: OTROS MATERIALES Y SUMINISTROS | C42: 165.5 | E42: 165.5 | G42: 165.5 | I42: 165.5
B43: TOTAL MATERIALES Y SUMINISTROS | C43: =SUM(C29:C42) -> 2475560.8 | D43: =SUM(D29:D42) -> 0 | E43: =SUM(E29:E42) -> 2475560.8 | F43: =SUM(F29:F42) -> 0 | G43: =SUM(G29:G42) -> 2475560.8 | H43: =SUM(H29:H42) -> 0 | I43: =SUM(I29:I42) -> 2475560.8 | J43: =SUM(J29:J42) -> 3457327.8
A46: Programación mensual por tipo de gasto año 2016, Expresado en Quetzales
A47: No. | B47: Categoría de Gasto | C47: Julio | E47: Agosto | G47: Septiembre
B48: Recurso Humano | C48: Pto. | D48: Real | E48: Pto. | F48: Real | G48: Pto. | H48: Real
B51: Gastos de Funcionamiento
B52: detallar cada gasto cargado
A60: TOTALES
A73: Programación mensual por tipo de gasto año 2018, Expresado en Quetzales segundo cuatrimestre 2018
A74: No. | B74: CATEGORIA DE GASTO | C74: MAYO | E74: JUNIO | G74: JULIO | I74: AGOSTO
C75: PRESUPUESTO | D75: REAL | E75: PRESUPUESTO | F75: REAL | G75: PRESUPUESTO | H75: REAL | I75: PRESUPUESTO | J75: REAL
B76: RECURSO HUMANO | C76: 1764858.4 | D76: 2281196.2 | E76: 1764858.4 | F76: 1896496.9
B78: GASTOS DE FUNCIONAMIENTO | C78: =+C86+C102 -> 2818474.9 | D78: =+D86+D102 -> 3820610.3 | E78: =+E86+E102 -> 2818474.9 | F78: =+F86+F102 -> 2361172.2 | G78: =+G86+G102 -> 0 | H78: =+H86+H102 -> 0 | I78: =+I86+I102 -> 0 | J78: =+J86+J102 -> 0
B79: ENERGIA ELECTRICA | C79: 62500 | D79: 138609.61 | E79: 62500
B80: TELEFONIA | C80: 7500 | D80: 9818.25 | E80: 7500 | F80: 9560.36
B81: IMPRESIÓN, ENCUADERNACION Y REPRODUCCION | C81: 8133.97 | E81: 8133.97 | F81: 39787
B82: MANT. Y REP. EQUIPO MEDICO SANITARIO Y DE LAB. | C82: 33333.33 | D82: 19161.8 | E82: 33333.33
B83: SERVICIOS MEDICO-SANITARIOS | C83: 165141.75 | D83: 4057.14 | E83: 165141.75 | F83: 184282.78
B84: SERVICIOS DE VIGILANCIA | C84: 40000 | D84: 38120 | E84: 40000 | F84: 38120
B85: OTROS SERVICIOS NO PERSONALES | C85: 26305.03 | D85: 48548.64 | E85: 26305.03 | F85: 44604
B86: SUMA GASTOS GENERALES | C86: =SUM(C79:C85) -> 342914.08 | D86: =SUM(D79:D85) -> 258315.44 | E86: =SUM(E79:E85) -> 342914.08 | F86: =SUM(F79:F85) -> 316354.14 | G86: =SUM(G79:G85) -> 0 | H86: =SUM(H79:H85) -> 0 | I86: =SUM(I79:I85) -> 0 | J86: =SUM(J79:J85) -> 0
B87: MATERIALES Y SUMINISTROS
B88: ALIMENTOS PARA PERSONAS | C88: 60936.45 | D88: 1023 | E88: 60936.45 | F88: 58023.7
B89: ACABADOS TEXTILES | C89: 600 | E89: 600
B90: PRODUCTOS DE PAPEL O CARTON | C90: 945.42 | E90: 945.42
B91: ELEMENTOS Y COMPUESTOS QUIMICOS | C91: 169652.57 | D91: 181188.84 | E91: 169652.57 | F91: 66957.58
B92: COMBUSTIBLES Y LUBRICANTES | C92: 912 | E92: 912
B93: PRODUCTOS MEDICINALES Y FARMACEUTICOS | C93: 427229.65 | D93: 535053.33 | E93: 427229.65 | F93: 261536.69
B94: TINTES, PINTURAS Y COLORANTES | C94: 100 | E94: 100
B95: PRODUCTOS PLASTICOS, NYLON, VINIL Y PVC | C95: 13579.7 | D95: 6224.76 | E95: 13579.7 | F95: 6630
B96: OTROS PRODUCTOS METALICOS | C96: 310 | D96: 3610 | E96: 310
B97: UTILES DE LIMPIEZA Y PRODUCTOS SANITARIOS | C97: 10809.43 | D97: 39404.76 | E97: 10809.43 | F97: 23463
B98: UTILES MENORES MEDICO QUIRURGICOS Y DE LAB. | C98: 1780006.3 | D98: 2752150.2 | E98: 1780006.3 | F98: 1617110.1
B99: UTILES, ACCESORIOS Y MATERIALES ELECTRICOS | C99: 2208.7 | E99: 2208.7 | F99: 11097
B100: ACCESORIOS Y REPUESTOS EN GENERAL | C100: 8105.1 | D100: 43640 | E100: 8105.1
B101: OTROS MATERIALES Y SUMINISTROS | C101: 165.5 | E101: 165.5
B102: TOTAL MATERIALES Y SUMINISTROS | C102: =SUM(C88:C101) -> 2475560.8 | D102: =SUM(D88:D101) -> 3562294.9 | E102: =SUM(E88:E101) -> 2475560.8 | F102: =SUM(F88:F101) -> 2044818 | G102: =SUM(G88:G101) -> 0 | H102: =SUM(H88:H101) -> 0 | I102: =SUM(I88:I101) -> 0 | J102: =SUM(J88:J101) -> 0
A123: Programación mensual por tipo de gasto año 2017, Expresado en Quetzales tercer cuatrimestre 2018
A124: No. | B124: CATEGORIA DE GASTO | C124: SEPTIEMBRE | E124: OCTUBRE | G124: NOVIEMBRE | I124: DICIEMBRE
C125: PRESUPUESTO | D125: REAL | E125: PRESUPUESTO | F125: REAL | G125: PRESUPUESTO | H125: REAL | I125: PRESUPUESTO | J125: REAL
B126: RECURSO HUMANO
B128: GASTOS DE FUNCIONAMIENTO | C128: =+C136+C152 -> 0 | D128: =+D136+D152 -> 0 | E128: =+E136+E152 -> 0 | F128: =+F136+F152 -> 0 | G128: =+G136+G152 -> 0 | H128: =+H136+H152 -> 0 | I128: =+I136+I152 -> 0 | J128: =+J136+J152 -> 0
B129: ENERGIA ELECTRICA
B130: TELEFONIA
B131: IMPRESIÓN, ENCUADERNACION Y REPRODUCCION
B132: MANT. Y REP. EQUIPO MEDICO SANITARIO Y DE LAB.
B133: SERVICIOS MEDICO-SANITARIOS
B134: SERVICIOS DE VIGILANCIA
B135: OTROS SERVICIOS NO PERSONALES
B136: SUMA GASTOS GENERALES | C136: =SUM(C129:C135) -> 0 | D136: =SUM(D129:D135) -> 0 | E136: =SUM(E129:E135) -> 0 | F136: =SUM(F129:F135) -> 0 | G136: =SUM(G129:G135) -> 0 | H136: =SUM(H129:H135) -> 0 | I136: =SUM(I129:I135) -> 0 | J136: =SUM(J129:J135) -> 0
B137: MATERIALES Y SUMINISTROS
B138: ALIMENTOS PARA PERSONAS
B139: AVABADOS TEXTILES
B140: PRODUCTOS DE PAPEL O CARTON
B141: ELEMENTOS Y COMPUESTOS QUIMICOS
B142: COMBUSTIBLES Y LUBRICANTES
B143: PRODUCTOS MEDICINALES Y FARMACEUTICOS
B144: TINTES, PINTURAS Y COLORANTES
B145: PRODUCTOS PLASTICOS, NYLON, VINIL Y PVC
B146: OTROS PRODUCTOS METALICOS
B147: UTILES DE LIMPIEZA Y PRODUCTOS SANITARIOS
B148: UTILES MENORES MEDICO QUIRURGICOS Y DE LAB.
... B151: OTROS MATERIALES Y SUMINISTROS
B152: TOTAL MATERIALES Y SUMINISTROS | C152: =SUM(C138:C151) -> 0 | D152: =SUM(D138:D151) -> 0 | E152: =SUM(E138:E151) -> 0 | F152: =SUM(F138:F151) -> 0 | G152: =SUM(G138:G151) -> 0 | H152: =SUM(H138:H151) -> 0 | I152: =SUM(I138:I151) -> 0 | J152: =SUM(J138:J151) -> 0
C177: PROGRAMACION POR TIPO DE GASTO AÑO 2025
C178: RESUMEN AL 31 DE OCTUBRE 2025
C179: No. | D179: CATEGORIA DEL GASTO DE FUNCIONAMIENTO | E179: TOTAL ANUAL
E180: PRESUPUESTO | F180: COMPROMETIDO
C181: 011 | D181: RECURSO HUMANO | E181: =+'OCTUBRE DECE-5'!K93 -> 43201294 | F181: =+'OCTUBRE DECE-5'!L93 -> 42681316
...

Sheet NOVIEMBRE ANEXO A DECE-5
B8: ÀREA FINANCIERA | I8: ANEXO DE DECE-5
A10: UNIDAD DE CIRUGIA CARDIOVASCULAR DE GUATEMALA
A11: 5a. AVENIDA 6-22 ZONA 11
A12: dgunicar@yahoo.es Tel. 24163000
A14: Programación mensual por tipo de gasto año 2018, Expresado en Quetzales primer cuatrimestre 2018
A15: No. | B15: CATEGORIA DE GASTO | C15: ENERO | E15: FEBRERO | G15: MARZO | I15: ABRIL
C16: PRESUPUESTO | D16: REAL | E16: PRESUPUESTO | F16: REAL | G16: PRESUPUESTO | H16: REAL | I16: PRESUPUESTO | J16: REAL
B17: RECURSO HUMANO | C17: 1764858.4 | D17: 1492317.4 | E17: 1764858.4 | F17: 1792563.6 | G17: 1764858.4 | H17: 1578007.9 | I17: 1764858.4 | J17: 1803793.6
B19: GASTOS DE FUNCIONAMIENTO | C19: =+C27+C43 -> 2818474.9 | D19: =+D27+D43 -> 0 | E19: =+E27+E43 -> 2818474.9 | F19: =+F27+F43 -> 67111.02 | G19: =+G27+G43 -> 2818474.9 | H19: =+H27+H43 -> 58543.64 | I19: =+I27+I43 -> 2818474.9 | J19: =+J27+J43 -> 3743927.3
B20: ENERGIA ELECTRICA | C20: 62500 | E20: 62500 | F20: 56112.02 | G20: 62500 | I20: 62500 | J20: 68083.01
B21: TELEFONIA | C21: 7500 | E21: 7500 | F21: 10999 | G21: 7500 | H21: 11011 | I21: 7500 | J21: 10992
B22: IMPRESIÓN, ENCUADERNACION Y REPRODUCCION | C22: 8133.97 | E22: 8133.97 | G22: 8133.97 | I22: 8133.97 | J22: 4358
B23: MANT. Y REP. EQUIPO MEDICO SANITARIO Y DE LAB. | C23: 33333.33 | E23: 33333.33 | G23: 33333.33 | I23: 33333.33 | J23: 45020
B24: SERVICIOS MEDICO-SANITARIOS | C24: 165141.75 | E24: 165141.75 | G24: 165141.75 | H24: 1000 | I24: 165141.75 | J24: 26842.86
B25: SERVICIOS DE VIGILANCIA | C25: 40000 | E25: 40000 | G25: 40000 | I25: 40000 | J25: 76240
B26: OTROS SERVICIOS NO PERSONALES | C26: 26305.03 | E26: 26305.03 | G26: 26305.03 | H26: 46532.64 | I26: 26305.03 | J26: 55063.68
B27: SUMA GASTOS GENERALES | C27: =SUM(C20:C26) -> 342914.08 | D27: =SUM(D20:D26) -> 0 | E27: =SUM(E20:E26) -> 342914.08 | F27: =SUM(F20:F26) -> 67111.02 | G27: =SUM(G20:G26) -> 342914.08 | H27: =SUM(H20:H26) -> 58543.64 | I27: =SUM(I20:I26) -> 342914.08 | J27: =SUM(J20:J26) -> 286599.55
B28: MATERIALES Y SUMINISTROS
B29: ALIMENTOS PARA PERSONAS | C29: 60936.45 | E29: 60936.45 | G29: 60936.45 | I29: 60936.45 | J29: 202940.25
B30: ACABADOS TEXTILES | C30: 600 | E30: 600 | G30: 600 | I30: 600
B31: PRODUCTOS DE PAPEL O CARTON | C31: 945.42 | E31: 945.42 | G31: 945.42 | I31: 945.42
B32: ELEMENTOS Y COMPUESTOS QUIMICOS | C32: 169652.57 | E32: 169652.57 | G32: 169652.57 | I32: 169652.57 | J32: 178282.05
B33: COMBUSTIBLES Y LUBRICANTES | C33: 912 | E33: 912 | G33: 912 | I33: 912
B34: PRODUCTOS MEDICINALES Y FARMACEUTICOS | C34: 427229.65 | E34: 427229.65 | G34: 427229.65 | I34: 427229.65 | J34: 1425199.8
B35: TINTES, PINTURAS Y COLORANTES | C35: 100 | E35: 100 | G35: 100 | I35: 100
B36: PRODUCTOS PLASTICOS, NYLON, VINIL Y PVC | C36: 13579.7 | E36: 13579.7 | G36: 13579.7 | I36: 13579.7 | J36: 75162.24
B37: OTROS PRODUCTOS METALICOS | C37: 310 | E37: 310 | G37: 310 | I37: 310
B38: UTILES DE LIMPIEZA Y PRODUCTOS SANITARIOS | C38: 10809.43 | E38: 10809.43 | G38: 10809.43 | I38: 10809.43 | J38: 14528.6
B39: UTILES MENORES MEDICO QUIRURGICOS Y DE LAB. | C39: 1780006.3 | E39: 1780006.3 | G39: 1780006.3 | I39: 1780006.3 | J39: 1545914.8
B40: UTILES, ACCESORIOS Y MATERIALES ELECTRICOS | C40: 2208.7 | E40: 2208.7 | G40: 2208.7 | I40: 2208.7 | J40: 15300
B41: ACCESORIOS Y REPUESTOS EN GENERAL | C41: 8105.1 | E41: 8105.1 | G41: 8105.1 | I41: 8105.1
B42: OTROS MATERIALES Y SUMINISTROS | C42: 165.5 | E42: 165.5 | G42: 165.5 | I42: 165.5
B43: TOTAL MATERIALES Y SUMINISTROS | C43: =SUM(C29:C42) -> 2475560.8 | D43: =SUM(D29:D42) -> 0 | E43: =SUM(E29:E42) -> 2475560.8 | F43: =SUM(F29:F42) -> 0 | G43: =SUM(G29:G42) -> 2475560.8 | H43: =SUM(H29:H42) -> 0 | I43: =SUM(I29:I42) -> 2475560.8 | J43: =SUM(J29:J42) -> 3457327.8
A46: Programación mensual por tipo de gasto año 2016, Expresado en Quetzales
A47: No. | B47: Categoría de Gasto | C47: Julio | E47: Agosto | G47: Septiembre
B48: Recurso Humano | C48: Pto. | D48: Real | E48: Pto. | F48: Real | G48: Pto. | H48: Real
B51: Gastos de Funcionamiento
B52: detallar cada gasto cargado
A60: TOTALES
A73: Programación mensual por tipo de gasto año 2018, Expresado en Quetzales segundo cuatrimestre 2018
A74: No. | B74: CATEGORIA DE GASTO | C74: MAYO | E74: JUNIO | G74: JULIO | I74: AGOSTO
C75: PRESUPUESTO | D75: REAL | E75: PRESUPUESTO | F75: REAL | G75: PRESUPUESTO | H75: REAL | I75: PRESUPUESTO | J75: REAL
B76: RECURSO HUMANO | C76: 1764858.4 | D76: 2281196.2 | E76: 1764858.4 | F76: 1896496.9
B78: GASTOS DE FUNCIONAMIENTO | C78: =+C86+C102 -> 2818474.9 | D78: =+D86+D102 -> 3820610.3 | E78: =+E86+E102 -> 2818474.9 | F78: =+F86+F102 -> 2361172.2 | G78: =+G86+G102 -> 0 | H78: =+H86+H102 -> 0 | I78: =+I86+I102 -> 0 | J78: =+J86+J102 -> 0
B79: ENERGIA ELECTRICA | C79: 62500 | D79: 138609.61 | E79: 62500
B80: TELEFONIA | C80: 7500 | D80: 9818.25 | E80: 7500 | F80: 9560.36
B81: IMPRESIÓN, ENCUADERNACION Y REPRODUCCION | C81: 8133.97 | E81: 8133.97 | F81: 39787
B82: MANT. Y REP. EQUIPO MEDICO SANITARIO Y DE LAB. | C82: 33333.33 | D82: 19161.8 | E82: 33333.33
B83: SERVICIOS MEDICO-SANITARIOS | C83: 165141.75 | D83: 4057.14 | E83: 165141.75 | F83: 184282.78
B84: SERVICIOS DE VIGILANCIA | C84: 40000 | D84: 38120 | E84: 40000 | F84: 38120
B85: OTROS SERVICIOS NO PERSONALES | C85: 26305.03 | D85: 48548.64 | E85: 26305.03 | F85: 44604
B86: SUMA GASTOS GENERALES | C86: =SUM(C79:C85) -> 342914.08 | D86: =SUM(D79:D85) -> 258315.44 | E86: =SUM(E79:E85) -> 342914.08 | F86: =SUM(F79:F85) -> 316354.14 | G86: =SUM(G79:G85) -> 0 | H86: =SUM(H79:H85) -> 0 | I86: =SUM(I79:I85) -> 0 | J86: =SUM(J79:J85) -> 0
B87: MATERIALES Y SUMINISTROS
B88: ALIMENTOS PARA PERSONAS | C88: 60936.45 | D88: 1023 | E88: 60936.45 | F88: 58023.7
B89: ACABADOS TEXTILES | C89: 600 | E89: 600
B90: PRODUCTOS DE PAPEL O CARTON | C90: 945.42 | E90: 945.42
B91: ELEMENTOS Y COMPUESTOS QUIMICOS | C91: 169652.57 | D91: 181188.84 | E91: 169652.57 | F91: 66957.58
B92: COMBUSTIBLES Y LUBRICANTES | C92: 912 | E92: 912
B93: PRODUCTOS MEDICINALES Y FARMACEUTICOS | C93: 427229.65 | D93: 535053.33 | E93: 427229.65 | F93: 261536.69
B94: TINTES, PINTURAS Y COLORANTES | C94: 100 | E94: 100
B95: PRODUCTOS PLASTICOS, NYLON, VINIL Y PVC | C95: 13579.7 | D95: 6224.76 | E95: 13579.7 | F95: 6630
B96: OTROS PRODUCTOS METALICOS | C96: 310 | D96: 3610 | E96: 310
B97: UTILES DE LIMPIEZA Y PRODUCTOS SANITARIOS | C97: 10809.43 | D97: 39404.76 | E97: 10809.43 | F97: 23463
B98: UTILES MENORES MEDICO QUIRURGICOS Y DE LAB. | C98: 1780006.3 | D98: 2752150.2 | E98: 1780006.3 | F98: 1617110.1
B99: UTILES, ACCESORIOS Y MATERIALES ELECTRICOS | C99: 2208.7 | E99: 2208.7 | F99: 11097
B100: ACCESORIOS Y REPUESTOS EN GENERAL | C100: 8105.1 | D100: 43640 | E100: 8105.1
B101: OTROS MATERIALES Y SUMINISTROS | C101: 165.5 | E101: 165.5
B102: TOTAL MATERIALES Y SUMINISTROS | C102: =SUM(C88:C101) -> 2475560.8 | D102: =SUM(D88:D101) -> 3562294.9 | E102: =SUM(E88:E101) -> 2475560.8 | F102: =SUM(F88:F101) -> 2044818 | G102: =SUM(G88:G101) -> 0 | H102: =SUM(H88:H101) -> 0 | I102: =SUM(I88:I101) -> 0 | J102: =SUM(J88:J101) -> 0
A123: Programación mensual por tipo de gasto año 2017, Expresado en Quetzales tercer cuatrimestre 2018
A124: No. | B124: CATEGORIA DE GASTO | C124: SEPTIEMBRE | E124: OCTUBRE | G124: NOVIEMBRE | I124: DICIEMBRE
C125: PRESUPUESTO | D125: REAL | E125: PRESUPUESTO | F125: REAL | G125: PRESUPUESTO | H125: REAL | I125: PRESUPUESTO | J125: REAL
B126: RECURSO HUMANO
B128: GASTOS DE FUNCIONAMIENTO | C128: =+C136+C152 -> 0 | D128: =+D136+D152 -> 0 | E128: =+E136+E152 -> 0 | F128: =+F136+F152 -> 0 | G128: =+G136+G152 -> 0 | H128: =+H136+H152 -> 0 | I128: =+I136+I152 -> 0 | J128: =+J136+J152 -> 0
B129: ENERGIA ELECTRICA
B130: TELEFONIA
B131: IMPRESIÓN, ENCUADERNACION Y REPRODUCCION
B132: MANT. Y REP. EQUIPO MEDICO SANITARIO Y DE LAB.
B133: SERVICIOS MEDICO-SANITARIOS
B134: SERVICIOS DE VIGILANCIA
B135: OTROS SERVICIOS NO PERSONALES
B136: SUMA GASTOS GENERALES | C136: =SUM(C129:C135) -> 0 | D136: =SUM(D129:D135) -> 0 | E136: =SUM(E129:E135) -> 0 | F136: =SUM(F129:F135) -> 0 | G136: =SUM(G129:G135) -> 0 | H136: =SUM(H129:H135) -> 0 | I136: =SUM(I129:I135) -> 0 | J136: =SUM(J129:J135) -> 0
B137: MATERIALES Y SUMINISTROS
B138: ALIMENTOS PARA PERSONAS
B139: AVABADOS TEXTILES
B140: PRODUCTOS DE PAPEL O CARTON
B141: ELEMENTOS Y COMPUESTOS QUIMICOS
B142: COMBUSTIBLES Y LUBRICANTES
B143: PRODUCTOS MEDICINALES Y FARMACEUTICOS
B144: TINTES, PINTURAS Y COLORANTES
B145: PRODUCTOS PLASTICOS, NYLON, VINIL Y PVC
B146: OTROS PRODUCTOS METALICOS
B147: UTILES DE LIMPIEZA Y PRODUCTOS SANITARIOS
B148: UTILES MENORES MEDICO QUIRURGICOS Y DE LAB.
... B151: OTROS MATERIALES Y SUMINISTROS
B152: TOTAL MATERIALES Y SUMINISTROS | C152: =SUM(C138:C151) -> 0 | D152: =SUM(D138:D151) -> 0 | E152: =SUM(E138:E151) -> 0 | F152: =SUM(F138:F151) -> 0 | G152: =SUM(G138:G151) -> 0 | H152: =SUM(H138:H151) -> 0 | I152: =SUM(I138:I151) -> 0 | J152: =SUM(J138:J151) -> 0
C177: PROGRAMACION POR TIPO DE GASTO AÑO 2025
C178: RESUMEN AL 30 DE NOVIEMBRE 2025
C179: No. | D179: CATEGORIA DEL GASTO DE FUNCIONAMIENTO | E179: TOTAL ANUAL
E180: PRESUPUESTO | F180: COMPROMETIDO
C181: 011 | D181: RECURSO HUMANO | E181: =+'NOVIEMBRE DECE-5'!K93 -> 47186875 | F181: =+'NOVIEMBRE DECE-5'!L93 -> 46918844
...

Sheet SEPTIEMBRE DECE-6
B7: ÀREA FINANCIERA | J7: DECE-6
A9: UNIDAD DE CIRUGIA CARDIOVASCULAR DE GUATEMALA
A10: 5a. AVENIDA 6-22 ZONA 11
A11: CORREO ELECTRÓNICO Y TELÉFONO
A12: dgunicar@yahoo.es Tel. 24163000
A14: Ejecucion fìnanciera por categoria del gasto del mes de septiembre, año 2025
A16: Categoría del gasto de funcionamiento | B16: Enero | D16: Febrero | F16: Marzo | H16: Abril
B17: Prog. | C17: Ejecutado | D17: Prog. | E17: Ejecutado | F17: Prog. | G17: Ejecutado | H17: Prog. | I17: Ejecutado
A18: Recurso Humano | B18: 3985581.3 | C18: 3830190.3 | D18: 3985581.3 | E18: 3893734.5 | F18: 3985581.3 | G18: 3951903.5 | H18: 3985581.3 | I18: 3946986.7
A19: Gastos de operación | B19: 1165344.2 | C19: 0 | D19: 3598165.6 | E19: 136886.92 | F19: 539792.39 | G19: 1879182.5 | H19: 227262.65 | I19: 1267854.5
A20: Propiedad planta y equipo | B20: 0 | C20: 0 | D20: 0 | E20: 0 | F20: 0 | G20: 0 | H20: 0 | I20: 0
A21: TOTAL | B21: =SUM(B18:B20) -> 5150925.5 | C21: =SUM(C18:C20) -> 3830190.3 | D21: =SUM(D18:D20) -> 7583746.8 | E21: =SUM(E18:E20) -> 4030621.4 | F21: =SUM(F18:F20) -> 4525373.7 | G21: =SUM(G18:G20) -> 5831086.1 | H21: =SUM(H18:H20) -> 4212843.9 | I21: =SUM(I18:I20) -> 5214841.2
A23: Ejecucion fìnanciera por categoria del gasto del mes de septiembre, año 2025
A25: Categoría del gasto de funcionamiento | B25: Mayo | D25: Junio | F25: Julio | H25: Agosto
B26: Prog. | C26: Ejecutado | D26: Prog. | E26: Ejecutado | F26: Prog. | G26: Ejecutado | H26: Prog. | I26: Ejecutado
A27: Recurso Humano | B27: 3985581.3 | C27: 3974391.3 | D27: 3985581.3 | E27: 3976684.6 | F27: 7331062.7 | G27: 7148701.5 | H27: 3985581.3 | I27: 3980829
A28: Gastos de operación | B28: 2828722.6 | C28: 1415750.8 | D28: 33139324 | E28: 1862268 | F28: 4507355.6 | G28: 2777077.4 | H28: 7241437.7 | I28: 5323886.5
A29: TOTAL | B29: =SUM(B27:B28) -> 6814303.9 | C29: =SUM(C27:C28) -> 5390142.1 | D29: =SUM(D27:D28) -> 37124905 | E29: =SUM(E27:E28) -> 5838952.5 | F29: =SUM(F27:F28) -> 11838418 | G29: =SUM(G27:G28) -> 9925778.9 | H29: =SUM(H27:H28) -> 11227019 | I29: =SUM(I27:I28) -> 9304715.6
A32: Ejecucion fìnanciera por categoria del gasto del mes de septiembre, año 2025
A34: Categoría del gasto de funcionamiento | B34: Septiembre | D34: Octubre | F34: Noviembre | H34: Diciembre | J34: Total acumulado anual
B35: Prog. | C35: Ejecutado | D35: Prog. | E35: Ejecutado | F35: Prog. | G35: Ejecutado | H35: Prog. | I35: Ejecutado | J35: Prog. | K35: Ejecutado
A36: Recurso Humano | B36: 3985581.3 | C36: =3569080.07+402169.52 -> 3971249.6 | J36: =+B18+D18+F18+H18+B27+D27+F27+H27+B36+D36+F36+H36 -> 39215713 | K36: =+C18+E18+G18+I18+C27+E27+G27+I27+C36+E36+G36+I36 -> 38674671
A37: Gastos de operación | B37: 965668.5 | C37: 11949316 | J37: =+B19+D19+F19+H19+B28+D28+F28+H28+B37+D37+F37+H37 -> 54213073 | K37: =+C19+E19+G19+I19+C28+E28+G28+I28+C37+E37+G37+I37 -> 26612223
A38: TOTAL | B38: =SUM(B36:B37) -> 4951249.8 | C38: =SUM(C36:C37) -> 15920566 | D38: =SUM(D36:D37) -> 0 | E38: =SUM(E36:E37) -> 0 | F38: =SUM(F36:F37) -> 0 | G38: =SUM(G36:G37) -> 0 | H38: =SUM(H36:H37) -> 0 | I38: =SUM(I36:I37) -> 0 | ... K38: =SUM(K36:K37) -> 65286894
A40: Resumen año 2025
A41: Categoría del gasto | B41: año 2025
B42: Presupuestado | C42: Ejecutado
A43: Recurso Humano | B43: =+J18+J27+J36 -> 39215713 | C43: =+K18+K27+K36 -> 38674671
A44: Gastos de operación | B44: =+J19+J28+J37 -> 54213073 | C44: =+K19+K28+K37 -> 26612223
A45: TOTAL | B45: =SUM(B43:B44) -> 93428786 | C45: =SUM(C43:C44) -> 65286894
A69: Elaborado por: | C69: ___________________________ | F69: Autorizado por: | H69: ___________________________________
C70: Víctor Cresencio Reyes Porres | H70: Lic. Douglas Antonio Díaz Rivera
C71: Jefe de Contabilidad | H71: Representante Legal
A72: Fecha: | C72: 10 de octubre 2025

Sheet OCTUBRE DECE-6
B7: ÀREA FINANCIERA | J7: DECE-6
A9: UNIDAD DE CIRUGIA CARDIOVASCULAR DE GUATEMALA
A10: 5a. AVENIDA 6-22 ZONA 11
A11: CORREO ELECTRÓNICO Y TELÉFONO
A12: dgunicar@yahoo.es Tel. 24163000
A14: Ejecucion fìnanciera por categoria del gasto del mes de octubre, año 2025
A16: Categoría del gasto de funcionamiento | B16: Enero | D16: Febrero | F16: Marzo | H16: Abril
B17: Prog. | C17: Ejecutado | D17: Prog. | E17: Ejecutado | F17: Prog. | G17: Ejecutado | H17: Prog. | I17: Ejecutado
A18: Recurso Humano | B18: 3985581.3 | C18: 3830190.3 | D18: 3985581.3 | E18: 3893734.5 | F18: 3985581.3 | G18: 3951903.5 | H18: 3985581.3 | I18: 3946986.7
A19: Gastos de operación | B19: 1165344.2 | C19: 0 | D19: 3598165.6 | E19: 136886.92 | F19: 539792.39 | G19: 1879182.5 | H19: 227262.65 | I19: 1267854.5
A20: Propiedad planta y equipo | B20: 0 | C20: 0 | D20: 0 | E20: 0 | F20: 0 | G20: 0 | H20: 0 | I20: 0
A21: TOTAL | B21: =SUM(B18:B20) -> 5150925.5 | C21: =SUM(C18:C20) -> 3830190.3 | D21: =SUM(D18:D20) -> 7583746.8 | E21: =SUM(E18:E20) -> 4030621.4 | F21: =SUM(F18:F20) -> 4525373.7 | G21: =SUM(G18:G20) -> 5831086.1 | H21: =SUM(H18:H20) -> 4212843.9 | I21: =SUM(I18:I20) -> 5214841.2
A23: Ejecucion fìnanciera por categoria del gasto del mes de octubre, año 2025
A25: Categoría del gasto de funcionamiento | B25: Mayo | D25: Junio | F25: Julio | H25: Agosto
B26: Prog. | C26: Ejecutado | D26: Prog. | E26: Ejecutado | F26: Prog. | G26: Ejecutado | H26: Prog. | I26: Ejecutado
A27: Recurso Humano | B27: 3985581.3 | C27: 3974391.3 | D27: 3985581.3 | E27: 3976684.6 | F27: 7331062.7 | G27: 7148701.5 | H27: 3985581.3 | I27: 3980829
A28: Gastos de operación | B28: 2828722.6 | C28: 1415750.8 | D28: 33139324 | E28: 1862268 | F28: 4507355.6 | G28: 2777077.4 | H28: 7241437.7 | I28: 5323886.5
A29: TOTAL | B29: =SUM(B27:B28) -> 6814303.9 | C29: =SUM(C27:C28) -> 5390142.1 | D29: =SUM(D27:D28) -> 37124905 | E29: =SUM(E27:E28) -> 5838952.5 | F29: =SUM(F27:F28) -> 11838418 | G29: =SUM(G27:G28) -> 9925778.9 | H29: =SUM(H27:H28) -> 11227019 | I29: =SUM(I27:I28) -> 9304715.6
A32: Ejecucion fìnanciera por categoria del gasto del mes de octubre, año 2025
A34: Categoría del gasto de funcionamiento | B34: Septiembre | D34: Octubre | F34: Noviembre | H34: Diciembre | J34: Total acumulado anual
B35: Prog. | C35: Ejecutado | D35: Prog. | E35: Ejecutado | F35: Prog. | G35: Ejecutado | H35: Prog. | I35: Ejecutado | J35: Prog. | K35: Ejecutado
A36: Recurso Humano | B36: 3985581.3 | C36: =3569080.07+402169.52 -> 3971249.6 | D36: 3985581.3 | E36: 4006644.9 | J36: =+B18+D18+F18+H18+B27+D27+F27+H27+B36+D36+F36+H36 -> 43201294 | K36: =+C18+E18+G18+I18+C27+E27+G27+I27+C36+E36+G36+I36 -> 42681316
A37: Gastos de operación | B37: 965668.5 | C37: 11949316 | D37: 232462.65 | E37: 4028331.5 | J37: =+B19+D19+F19+H19+B28+D28+F28+H28+B37+D37+F37+H37 -> 54445536 | K37: =+C19+E19+G19+I19+C28+E28+G28+I28+C37+E37+G37+I37 -> 30640554
A38: TOTAL | B38: =SUM(B36:B37) -> 4951249.8 | C38: =SUM(C36:C37) -> 15920566 | D38: =SUM(D36:D37) -> 4218043.9 | E38: =SUM(E36:E37) -> 8034976.4 | F38: =SUM(F36:F37) -> 0 | G38: =SUM(G36:G37) -> 0 | H38: =SUM(H36:H37) -> 0 | I38: =SUM(I36:I37) -> 0 | ... K38: =SUM(K36:K37) -> 73321870
A40: Resumen año 2025
A41: Categoría del gasto | B41: año 2025
B42: Presupuestado | C42: Ejecutado
A43: Recurso Humano | B43: =+J18+J27+J36 -> 43201294 | C43: =+K18+K27+K36 -> 42681316
A44: Gastos de operación | B44: =+J19+J28+J37 -> 54445536 | C44: =+K19+K28+K37 -> 30640554
A45: TOTAL | B45: =SUM(B43:B44) -> 97646830 | C45: =SUM(C43:C44) -> 73321870
A69: Elaborado por: | C69: ___________________________ | F69: Autorizado por: | H69: ___________________________________
C70: Víctor Cresencio Reyes Porres | H70: Lic. Douglas Antonio Díaz Rivera
C71: Jefe de Contabilidad | H71: Representante Legal
A72: Fecha: | C72: 10 de noviembre 2025

Sheet NOVIEMBRE DECE-6
B7: ÀREA FINANCIERA | J7: DECE-6
A9: UNIDAD DE CIRUGIA CARDIOVASCULAR DE GUATEMALA
A10: 5a. AVENIDA 6-22 ZONA 11
A11: CORREO ELECTRÓNICO Y TELÉFONO
A12: dgunicar@yahoo.es Tel. 24163000
A14: Ejecucion fìnanciera por categoria del gasto del mes de noviembre, año 2025
A16: Categoría del gasto de funcionamiento | B16: Enero | D16: Febrero | F16: Marzo | H16: Abril
B17: Prog. | C17: Ejecutado | D17: Prog. | E17: Ejecutado | F17: Prog. | G17: Ejecutado | H17: Prog. | I17: Ejecutado
A18: Recurso Humano | B18: 3985581.3 | C18: 3830190.3 | D18: 3985581.3 | E18: 3893734.5 | F18: 3985581.3 | G18: 3951903.5 | H18: 3985581.3 | I18: 3946986.7
A19: Gastos de operación | B19: 1165192.6 | C19: 0 | D19: 3598165.6 | E19: 136886.92 | F19: 539792.39 | G19: 1879182.5 | H19: 227262.65 | I19: 1267854.5
A20: Propiedad planta y equipo | B20: 0 | C20: 0 | D20: 0 | E20: 0 | F20: 0 | G20: 0 | H20: 0 | I20: 0
A21: TOTAL | B21: =SUM(B18:B20) -> 5150773.9 | C21: =SUM(C18:C20) -> 3830190.3 | D21: =SUM(D18:D20) -> 7583746.8 | E21: =SUM(E18:E20) -> 4030621.4 | F21: =SUM(F18:F20) -> 4525373.7 | G21: =SUM(G18:G20) -> 5831086.1 | H21: =SUM(H18:H20) -> 4212843.9 | I21: =SUM(I18:I20) -> 5214841.2
A23: Ejecucion fìnanciera por categoria del gasto del mes de noviembre, año 2025
A25: Categoría del gasto de funcionamiento | B25: Mayo | D25: Junio | F25: Julio | H25: Agosto
B26: Prog. | C26: Ejecutado | D26: Prog. | E26: Ejecutado | F26: Prog. | G26: Ejecutado | H26: Prog. | I26: Ejecutado
A27: Recurso Humano | B27: 3985581.3 | C27: 3974391.3 | D27: 3985581.3 | E27: 3976684.6 | F27: 7331062.7 | G27: 7148701.5 | H27: 3985581.3 | I27: 3980829
A28: Gastos de operación | B28: 2828464.5 | C28: 1415750.8 | D28: 33139324 | E28: 1862268 | F28: 4507355.6 | G28: 2777077.4 | H28: 7163778.9 | I28: 5323886.5
A29: TOTAL | B29: =SUM(B27:B28) -> 6814045.8 | C29: =SUM(C27:C28) -> 5390142.1 | D29: =SUM(D27:D28) -> 37124905 | E29: =SUM(E27:E28) -> 5838952.5 | F29: =SUM(F27:F28) -> 11838418 | G29: =SUM(G27:G28) -> 9925778.9 | H29: =SUM(H27:H28) -> 11149360 | I29: =SUM(I27:I28) -> 9304715.6
A32: Ejecucion fìnanciera por categoria del gasto del mes de noviembre, año 2025
A34: Categoría del gasto de funcionamiento | B34: Septiembre | D34: Octubre | F34: Noviembre | H34: Diciembre | J34: Total acumulado anual
B35: Prog. | C35: Ejecutado | D35: Prog. | E35: Ejecutado | F35: Prog. | G35: Ejecutado | H35: Prog. | I35: Ejecutado | J35: Prog. | K35: Ejecutado
A36: Recurso Humano | B36: 3985581.3 | C36: =3569080.07+402169.52 -> 3971249.6 | D36: 3985581.3 | E36: 4006644.9 | F36: 3985581.3 | G36: 4237527.5 | J36: =+B18+D18+F18+H18+B27+D27+F27+H27+B36+D36+F36+H36 -> 47186875 | K36: =+C18+E18+G18+I18+C27+E27+G27+I27+C36+E36+G36+I36 -> 46918844
A37: Gastos de operación | B37: 895576.53 | C37: 11949316 | D37: 232462.65 | E37: 4028331.5 | F37: 741763.68 | G37: 15852502 | J37: =+B19+D19+F19+H19+B28+D28+F28+H28+B37+D37+F37+H37 -> 55039139 | K37: =+C19+E19+G19+I19+C28+E28+G28+I28+C37+E37+G37+I37 -> 46493057
A38: TOTAL | B38: =SUM(B36:B37) -> 4881157.8 | C38: =SUM(C36:C37) -> 15920566 | D38: =SUM(D36:D37) -> 4218043.9 | E38: =SUM(E36:E37) -> 8034976.4 | F38: =SUM(F36:F37) -> 4727345 | G38: =SUM(G36:G37) -> 20090030 | H38: =SUM(H36:H37) -> 0 | I38: =SUM(I36:I37) -> 0 | ... K38: =SUM(K36:K37) -> 93411900
A40: Resumen año 2025
A41: Categoría del gasto | B41: año 2025
B42: Presupuestado | C42: Ejecutado
A43: Recurso Humano | B43: =+J18+J27+J36 -> 47186875 | C43: =+K18+K27+K36 -> 46918844
A44: Gastos de operación | B44: =+J19+J28+J37 -> 55039139 | C44: =+K19+K28+K37 -> 46493057
A45: TOTAL | B45: =SUM(B43:B44) -> 1.0222601e+08 | C45: =SUM(C43:C44) -> 93411900
A69: Elaborado por: | C69: ___________________________ | F69: Autorizado por: | H69: ___________________________________
C70: Víctor Cresencio Reyes Porres | H70: Lic. Douglas Antonio Díaz Rivera
C71: Jefe de Contabilidad | H71: Representante Legal
A72: Fecha: | C72: 10 de diciembre 2025

Sheet EJEC. FISICA SEPTIEMBRE DECE-8
L2: DECE-8
A6: UNIDAD DE CIRUGIA CARDIOVASCULAR DE GUATEMALA
A7: 5a. AVENIDA 6-22 ZONA 11
A8: dgunicar@yahoo.es Tel. 24163000
B10: Ejecucion mes de septiembre, de metas fisicas y servicios, año 2025
A11: No. | B11: Meta/Servicio | C11: Enero | E11: Febrero | G11: Marzo | I11: Abril
C12: Programado | D12: Ejecutado | E12: Programado | F12: Ejecutado | G12: Programado | H12: Ejecutado | I12: Programado | J12: Ejecutado
A13: 1 | B13: CIRUGIA DE ADULTOS | C13: 18 | D13: 12 | E13: 19 | F13: 19 | G13: 19 | H13: 14 | I13: 12 | J13: 20
A14: 2 | B14: CIRUGIA DE PEDIATRIA | C14: 14 | D14: 11 | E14: 16 | F14: 9 | G14: 16 | H14: 11 | I14: 12 | J14: 18
A15: 3 | B15: HEMODINAMIA ADULTOS | C15: 75 | D15: 96 | E15: 82 | F15: 80 | G15: 82 | H15: 93 | I15: 65 | J15: 75
A16: 4 | B16: HEMODINAMIA PEDIATRIA | C16: 10 | D16: 8 | E16: 16 | F16: 13 | G16: 15 | H16: 9 | I16: 9 | J16: 13
A17: 5 | B17: REEMPLAZO VALVULAR POR MEDIO DE ENDOPROTESIS (TAVI) | C17: 0 | D17: 0 | E17: 0 | F17: 0 | G17: 0 | H17: 0 | I17: 3 | J17: 0
A18: 6 | B18: ANGIOPLASTIA COMPLEJA CON ROTABLATOR Y ULTRASONIDO INTRACAVITARIO | C18: 0 | D18: 1 | E18: 0 | F18: 0 | G18: 4 | H18: 1 | I18: 0 | J18: 1
A19: 7 | B19: IMPLANTE ENDOVENOSO DE MARCAPASOS INCLUYENDO DISPOSITIVO | C19: 0 | D19: 5 | E19: 2 | F19: 3 | G19: 3 | H19: 1 | I19: 1 | J19: 5
A20: 8 | B20: ECOCARDIOGRAMA ADULTOS | C20: 400 | D20: 406 | E20: 425 | F20: 481 | G20: 425 | H20: 468 | I20: 375 | J20: 467
A21: 9 | B21: ECOCARDIOGRAMA PEDIATRIA | C21: 300 | D21: 393 | E21: 350 | F21: 285 | G21: 375 | H21: 332 | I21: 275 | J21: 327
A22: 10 | B22: ELECTROCARDIOGRAMAS ADULTOS | C22: 100 | D22: 178 | E22: 150 | F22: 180 | G22: 150 | H22: 176 | I22: 100 | J22: 156
A23: 11 | B23: ELECTROCARDIOGRAMAS PEDIATRIA | C23: 145 | D23: 170 | E23: 170 | F23: 157 | G23: 170 | H23: 257 | I23: 140 | J23: 263
A24: 12 | B24: CONSULTAS MEDICAS ADULTOS | C24: 900 | D24: 1331 | E24: 1075 | F24: 1385 | G24: 1075 | H24: 1092 | I24: 850 | J24: 1090
... A31: 19 | B31: MONITOREO DE PRESION ARTERIAL | C31: 5 | D31: 16 | E31: 11 | F31: 15 | G31: 11 | H31: 15 | I31: 5 | J31: 11
A32: Total servicios/beneficiarios | C32: =SUM(C13:C31) -> 2499 | D32: =SUM(D13:D31) -> 3410 | E32: =SUM(E13:E31) -> 3016 | F32: =SUM(F13:F31) -> 3268 | G32: =SUM(G13:G31) -> 3046 | H32: =SUM(H13:H31) -> 3084 | I32: =SUM(I13:I31) -> 2344 | J32: =SUM(J13:J31) -> 3013
B42: Ejecucion mes de septiembre, de metas fisicas y servicios, año 2025
A43: No. | B43: Meta/Servicio | C43: Mayo | E43: Junio | G43: Julio | I43: Agosto
C44: Programado | D44: Ejecutado | E44: Programado | F44: Ejecutado | G44: Programado | H44: Ejecutado | I44: Programado | J44: Ejecutado
A45: 1 | B45: CIRUGIA DE ADULTOS | C45: 19 | D45: 23 | E45: 19 | F45: 20 | G45: 13 | H45: 22 | I45: 19 | J45: 19
A46: 2 | B46: CIRUGIA DE PEDIATRIA | C46: 16 | D46: 17 | E46: 16 | F46: 25 | G46: 12 | H46: 17 | I46: 16 | J46: 16
A47: 3 | B47: HEMODINAMIA ADULTOS | C47: 82 | D47: 70 | E47: 82 | F47: 72 | G47: 77 | H47: 97 | I47: 82 | J47: 71
A48: 4 | B48: HEMODINAMIA PEDIATRIA | C48: 16 | D48: 15 | E48: 15 | F48: 12 | G48: 10 | H48: 11 | I48: 16 | J48: 11
A49: 5 | B49: REEMPLAZO VALVULAR POR MEDIO DE ENDOPROTESIS (TAVI) | C49: 2 | D49: 1 | E49: 2 | F49: 0 | G49: 1 | H49: 4 | I49: 2 | J49: 1
A50: 6 | B50: ANGIOPLASTIA COMPLEJA CON ROTABLATOR Y ULTRASONIDO INTRACAVITARIO | C50: 4 | D50: 0 | E50: 4 | F50: 0 | G50: 0 | H50: 1 | I50: 4 | J50: 4
A51: 7 | B51: IMPLANTE ENDOVENOSO DE MARCAPASOS INCLUYENDO DISPOSITIVO | C51: 3 | D51: 1 | E51: 3 | F51: 2 | G51: 1 | H51: 3 | I51: 2 | J51: 5
A52: 8 | B52: ECOCARDIOGRAMA ADULTOS | C52: 425 | D52: 556 | E52: 425 | F52: 514 | G52: 375 | H52: 688 | I52: 425 | J52: 657
A53: 9 | B53: ECOCARDIOGRAMA PEDIATRIA | C53: 350 | D53: 388 | E53: 375 | F53: 407 | G53: 300 | H53: 409 | I53: 350 | J53: 373
A54: 10 | B54: ELECTROCARDIOGRAMAS ADULTOS | C54: 150 | D54: 181 | E54: 150 | F54: 143 | G54: 100 | H54: 194 | I54: 150 | J54: 180
A55: 11 | B55: ELECTROCARDIOGRAMAS PEDIATRIA | C55: 170 | D55: 347 | E55: 170 | F55: 331 | G55: 140 | H55: 305 | I55: 170 | J55: 142
A56: 12 | B56: CONSULTAS MEDICAS ADULTOS | C56: 1075 | D56: 1293 | E56: 1075 | F56: 1170 | G56: 850 | H56: 1368 | I56: 1075 | J56: 1389
... A63: 19 | B63: MONITOREO DE PRESION ARTERIAL | C63: 11 | D63: 14 | E63: 11 | F63: 9 | G63: 5 | H63: 18 | I63: 11 | J63: 16
A64: Total servicios/beneficiarios | C64: =SUM(C45:C63) -> 2998 | D64: =SUM(D45:D63) -> 3557 | E64: =SUM(E45:E63) -> 3021 | F64: =SUM(F45:F63) -> 3444 | G64: =SUM(G45:G63) -> 2406 | H64: =SUM(H45:H63) -> 3880 | I64: =SUM(I45:I63) -> 2996 | J64: =SUM(J45:J63) -> 3518
B83: Ejecucion mes de septiembre, de metas fisicas y servicios, año 2025
A84: No. | B84: Meta/Servicio | C84: Septiembre | E84: Octubre | G84: Noviembre | I84: Diciembre | K84: Total acumulado anual
C85: Programado | D85: Ejecutado | E85: Programado | F85: Ejecutado | G85: Programado | H85: Ejecutado | I85: Programado | J85: Ejecutado | K85: Programado | L85: Ejecutado
A86: 1 | B86: CIRUGIA DE ADULTOS | C86: 19 | D86: 27 | K86: =+I86+G86+E86+C86+I45+G45+E45+C45+I13+G13+E13+C13 -> 157 | L86: =+J86+H86+F86+D86+J45+H45+F45+D45+J13+H13+F13+D13 -> 176
A87: 2 | B87: CIRUGIA DE PEDIATRIA | C87: 16 | D87: 17 | K87: =+I87+G87+E87+C87+I46+G46+E46+C46+I14+G14+E14+C14 -> 134 | L87: =+J87+H87+F87+D87+J46+H46+F46+D46+J14+H14+F14+D14 -> 141
A88: 3 | B88: HEMODINAMIA ADULTOS | C88: 81 | D88: 76 | K88: =+I88+G88+E88+C88+I47+G47+E47+C47+I15+G15+E15+C15 -> 708 | L88: =+J88+H88+F88+D88+J47+H47+F47+D47+J15+H15+F15+D15 -> 730
A89: 4 | B89: HEMODINAMIA PEDIATRIA | C89: 15 | D89: 14 | K89: =+I89+G89+E89+C89+I48+G48+E48+C48+I16+G16+E16+C16 -> 122 | L89: =+J89+H89+F89+D89+J48+H48+F48+D48+J16+H16+F16+D16 -> 106
A90: 5 | B90: REEMPLAZO VALVULAR POR MEDIO DE ENDOPROTESIS (TAVI) | C90: 1 | D90: 2 | K90: =+I90+G90+E90+C90+I49+G49+E49+C49+I17+G17+E17+C17 -> 11 | L90: =+J90+H90+F90+D90+J49+H49+F49+D49+J17+H17+F17+D17 -> 8
A91: 6 | B91: ANGIOPLASTIA COMPLEJA CON ROTABLATOR Y ULTRASONIDO INTRACAVITARIO | C91: 3 | D91: 4 | K91: =+I91+G91+E91+C91+I50+G50+E50+C50+I18+G18+E18+C18 -> 19 | L91: =+J91+H91+F91+D91+J50+H50+F50+D50+J18+H18+F18+D18 -> 12
A92: 7 | B92: IMPLANTE ENDOVENOSO DE MARCAPASOS INCLUYENDO DISPOSITIVO | C92: 2 | D92: 0 | K92: =+I92+G92+E92+C92+I51+G51+E51+C51+I19+G19+E19+C19 -> 17 | L92: =+J92+H92+F92+D92+J51+H51+F51+D51+J19+H19+F19+D19 -> 25
A93: 8 | B93: ECOCARDIOGRAMA ADULTOS | C93: 425 | D93: 537 | K93: =+I93+G93+E93+C93+I52+G52+E52+C52+I20+G20+E20+C20 -> 3700 | L93: =+J93+H93+F93+D93+J52+H52+F52+D52+J20+H20+F20+D20 -> 4774
A94: 9 | B94: ECOCARDIOGRAMA PEDIATRIA | C94: 375 | D94: 392 | K94: =+I94+G94+E94+C94+I53+G53+E53+C53+I21+G21+E21+C21 -> 3050 | L94: =+J94+H94+F94+D94+J53+H53+F53+D53+J21+H21+F21+D21 -> 3306
A95: 10 | B95: ELECTROCARDIOGRAMAS ADULTOS | C95: 150 | D95: 170 | K95: =+I95+G95+E95+C95+I54+G54+E54+C54+I22+G22+E22+C22 -> 1200 | L95: =+J95+H95+F95+D95+J54+H54+F54+D54+J22+H22+F22+D22 -> 1558
A96: 11 | B96: ELECTROCARDIOGRAMAS PEDIATRIA | C96: 162 | D96: 158 | K96: =+I96+G96+E96+C96+I55+G55+E55+C55+I23+G23+E23+C23 -> 1437 | L96: =+J96+H96+F96+D96+J55+H55+F55+D55+J23+H23+F23+D23 -> 2130
A97: 12 | B97: CONSULTAS MEDICAS ADULTOS | C97: 1075 | D97: 1226 | K97: =+I97+G97+E97+C97+I56+G56+E56+C56+I24+G24+E24+C24 -> 9050 | L97: =+J97+H97+F97+D97+J56+H56+F56+D56+J24+H24+F24+D24 -> 11344
... A104: 19 | B104: MONITOREO DE PRESION ARTERIAL | C104: 11 | D104: 22 | K104: =+I104+G104+E104+C104+I63+G63+E63+C63+I31+G31+E31+C31 -> 81 | L104: =+J104+H104+F104+D104+J63+H63+F63+D63+J31+H31+F31+D31 -> 136
A105: Total | C105: =SUM(C86:C104) -> 3009 | D105: =SUM(D86:D104) -> 3353 | E105: =SUM(E86:E104) -> 0 | F105: =SUM(F86:F104) -> 0 | G105: =SUM(G86:G104) -> 0 | H105: =SUM(H86:H104) -> 0 | I105: =SUM(I86:I104) -> 0 | J105: =SUM(J86:J104) -> 0 | ... L105: =SUM(L86:L104) -> 30527
B124: RESUMEN AÑO 2025
A125: No. | B125: Meta/Servicio | C125: Totales
C126: Programado | D126: Ejecutado
A127: 1 | B127: CIRUGIA DE ADULTOS | C127: =+K13+K45+K86 -> 157 | D127: =+L13+L45+L86 -> 176
A128: 2 | B128: CIRUGIA DE PEDIATRIA | C128: =+K14+K46+K87 -> 134 | D128: =+L14+L46+L87 -> 141
A129: 3 | B129: HEMODINAMIA ADULTOS | C129: =+K15+K47+K88 -> 708 | D129: =+L15+L47+L88 -> 730
A130: 4 | B130: HEMODINAMIA PEDIATRIA | C130: =+K16+K48+K89 -> 122 | D130: =+L16+L48+L89 -> 106
A131: 5 | B131: REEMPLAZO VALVULAR POR MEDIO DE ENDOPROTESIS (TAVI) | C131: =+K17+K49+K90 -> 11 | D131: =+L17+L49+L90 -> 8
A132: 6 | B132: ANGIOPLASTIA COMPLEJA CON ROTABLATOR Y ULTRASONIDO INTRACAVITARIO | C132: =+K18+K50+K91 -> 19 | D132: =+L18+L50+L91 -> 12
A133: 7 | B133: IMPLANTE ENDOVENOSO DE MARCAPASOS INCLUYENDO DISPOSITIVO | C133: =+K19+K51+K92 -> 17 | D133: =+L19+L51+L92 -> 25
A134: 8 | B134: ECOCARDIOGRAMA ADULTOS | C134: =+K20+K52+K93 -> 3700 | D134: =+L20+L52+L93 -> 4774
A135: 9 | B135: ECOCARDIOGRAMA PEDIATRIA | C135: =+K21+K53+K94 -> 3050 | D135: =+L21+L53+L94 -> 3306
A136: 10 | B136: ELECTROCARDIOGRAMAS ADULTOS | C136: =+K22+K54+K95 -> 1200 | D136: =+L22+L54+L95 -> 1558
A137: 11 | B137: ELECTROCARDIOGRAMAS PEDIATRIA | C137: =+K23+K55+K96 -> 1437 | D137: =+L23+L55+L96 -> 2130
A138: 12 | B138: CONSULTAS MEDICAS ADULTOS | C138: =+K24+K56+K97 -> 9050 | D138: =+L24+L56+L97 -> 11344
... A145: 19 | B145: MONITOREO DE PRESION ARTERIAL | C145: =+K31+K63+K104 -> 81 | D145: =+L31+L63+L104 -> 136
A146: Total | C146: =SUM(C127:C145) -> 25335 | D146: =SUM(D127:D145) -> 30527
B175: Elaborado por: | C175: ___________________________ | F175: Autorizado por: | H175: _______________________________________
C176: VÍctor Cresencio Reyes Porres | H176: Lic. Douglas Antonio Díaz Rivera
C177: Jefe de Contabilidad | H177: Representante Legal
B178: Fecha: | C178: 10 de octubre 2,025

Sheet EJEC. FISICA OCTUBRE DECE-8
L2: DECE-8
A6: UNIDAD DE CIRUGIA CARDIOVASCULAR DE GUATEMALA
A7: 5a. AVENIDA 6-22 ZONA 11
A8: dgunicar@yahoo.es Tel. 24163000
B10: Ejecucion mes de octubre, de metas fisicas y servicios, año 2025
A11: No. | B11: Meta/Servicio | C11: Enero | E11: Febrero | G11: Marzo | I11: Abril
C12: Programado | D12: Ejecutado | E12: Programado | F12: Ejecutado | G12: Programado | H12: Ejecutado | I12: Programado | J12: Ejecutado
A13: 1 | B13: CIRUGIA DE ADULTOS | C13: 18 | D13: 12 | E13: 19 | F13: 19 | G13: 19 | H13: 14 | I13: 12 | J13: 20
A14: 2 | B14: CIRUGIA DE PEDIATRIA | C14: 14 | D14: 11 | E14: 16 | F14: 9 | G14: 16 | H14: 11 | I14: 12 | J14: 18
A15: 3 | B15: HEMODINAMIA ADULTOS | C15: 75 | D15: 96 | E15: 82 | F15: 80 | G15: 82 | H15: 93 | I15: 65 | J15: 75
A16: 4 | B16: HEMODINAMIA PEDIATRIA | C16: 10 | D16: 8 | E16: 16 | F16: 13 | G16: 15 | H16: 9 | I16: 9 | J16: 13
A17: 5 | B17: REEMPLAZO VALVULAR POR MEDIO DE ENDOPROTESIS (TAVI) | C17: 0 | D17: 0 | E17: 0 | F17: 0 | G17: 0 | H17: 0 | I17: 3 | J17: 0
A18: 6 | B18: ANGIOPLASTIA COMPLEJA CON ROTABLATOR Y ULTRASONIDO INTRACAVITARIO | C18: 0 | D18: 1 | E18: 0 | F18: 0 | G18: 4 | H18: 1 | I18: 0 | J18: 1
A19: 7 | B19: IMPLANTE ENDOVENOSO DE MARCAPASOS INCLUYENDO DISPOSITIVO | C19: 0 | D19: 5 | E19: 2 | F19: 3 | G19: 3 | H19: 1 | I19: 1 | J19: 5
A20: 8 | B20: ECOCARDIOGRAMA ADULTOS | C20: 400 | D20: 406 | E20: 425 | F20: 481 | G20: 425 | H20: 468 | I20: 375 | J20: 467
A21: 9 | B21: ECOCARDIOGRAMA PEDIATRIA | C21: 300 | D21: 393 | E21: 350 | F21: 285 | G21: 375 | H21: 332 | I21: 275 | J21: 327
A22: 10 | B22: ELECTROCARDIOGRAMAS ADULTOS | C22: 100 | D22: 178 | E22: 150 | F22: 180 | G22: 150 | H22: 176 | I22: 100 | J22: 156
A23: 11 | B23: ELECTROCARDIOGRAMAS PEDIATRIA | C23: 145 | D23: 170 | E23: 170 | F23: 157 | G23: 170 | H23: 257 | I23: 140 | J23: 263
A24: 12 | B24: CONSULTAS MEDICAS ADULTOS | C24: 900 | D24: 1331 | E24: 1075 | F24: 1385 | G24: 1075 | H24: 1092 | I24: 850 | J24: 1090
... A31: 19 | B31: MONITOREO DE PRESION ARTERIAL | C31: 5 | D31: 16 | E31: 11 | F31: 15 | G31: 11 | H31: 15 | I31: 5 | J31: 11
A32: Total servicios/beneficiarios | C32: =SUM(C13:C31) -> 2499 | D32: =SUM(D13:D31) -> 3410 | E32: =SUM(E13:E31) -> 3016 | F32: =SUM(F13:F31) -> 3268 | G32: =SUM(G13:G31) -> 3046 | H32: =SUM(H13:H31) -> 3084 | I32: =SUM(I13:I31) -> 2344 | J32: =SUM(J13:J31) -> 3013
B42: Ejecucion mes de octubre, de metas fisicas y servicios, año 2025
A43: No. | B43: Meta/Servicio | C43: Mayo | E43: Junio | G43: Julio | I43: Agosto
C44: Programado | D44: Ejecutado | E44: Programado | F44: Ejecutado | G44: Programado | H44: Ejecutado | I44: Programado | J44: Ejecutado
A45: 1 | B45: CIRUGIA DE ADULTOS | C45: 19 | D45: 23 | E45: 19 | F45: 20 | G45: 13 | H45: 22 | I45: 19 | J45: 19
A46: 2 | B46: CIRUGIA DE PEDIATRIA | C46: 16 | D46: 17 | E46: 16 | F46: 25 | G46: 12 | H46: 17 | I46: 16 | J46: 16
A47: 3 | B47: HEMODINAMIA ADULTOS | C47: 82 | D47: 70 | E47: 82 | F47: 72 | G47: 77 | H47: 97 | I47: 82 | J47: 71
A48: 4 | B48: HEMODINAMIA PEDIATRIA | C48: 16 | D48: 15 | E48: 15 | F48: 12 | G48: 10 | H48: 11 | I48: 16 | J48: 11
A49: 5 | B49: REEMPLAZO VALVULAR POR MEDIO DE ENDOPROTESIS (TAVI) | C49: 2 | D49: 1 | E49: 2 | F49: 0 | G49: 1 | H49: 4 | I49: 2 | J49: 1
A50: 6 | B50: ANGIOPLASTIA COMPLEJA CON ROTABLATOR Y ULTRASONIDO INTRACAVITARIO | C50: 4 | D50: 0 | E50: 4 | F50: 0 | G50: 0 | H50: 1 | I50: 4 | J50: 4
A51: 7 | B51: IMPLANTE ENDOVENOSO DE MARCAPASOS INCLUYENDO DISPOSITIVO | C51: 3 | D51: 1 | E51: 3 | F51: 2 | G51: 1 | H51: 3 | I51: 2 | J51: 5
A52: 8 | B52: ECOCARDIOGRAMA ADULTOS | C52: 425 | D52: 556 | E52: 425 | F52: 514 | G52: 375 | H52: 688 | I52: 425 | J52: 657
A53: 9 | B53: ECOCARDIOGRAMA PEDIATRIA | C53: 350 | D53: 388 | E53: 375 | F53: 407 | G53: 300 | H53: 409 | I53: 350 | J53: 373
A54: 10 | B54: ELECTROCARDIOGRAMAS ADULTOS | C54: 150 | D54: 181 | E54: 150 | F54: 143 | G54: 100 | H54: 194 | I54: 150 | J54: 180
A55: 11 | B55: ELECTROCARDIOGRAMAS PEDIATRIA | C55: 170 | D55: 347 | E55: 170 | F55: 331 | G55: 140 | H55: 305 | I55: 170 | J55: 142
A56: 12 | B56: CONSULTAS MEDICAS ADULTOS | C56: 1075 | D56: 1293 | E56: 1075 | F56: 1170 | G56: 850 | H56: 1368 | I56: 1075 | J56: 1389
... A63: 19 | B63: MONITOREO DE PRESION ARTERIAL | C63: 11 | D63: 14 | E63: 11 | F63: 9 | G63: 5 | H63: 18 | I63: 11 | J63: 16
A64: Total servicios/beneficiarios | C64: =SUM(C45:C63) -> 2998 | D64: =SUM(D45:D63) -> 3557 | E64: =SUM(E45:E63) -> 3021 | F64: =SUM(F45:F63) -> 3444 | G64: =SUM(G45:G63) -> 2406 | H64: =SUM(H45:H63) -> 3880 | I64: =SUM(I45:I63) -> 2996 | J64: =SUM(J45:J63) -> 3518
B66: Ejecucion mes de octubre, de metas fisicas y servicios, año 2025
A67: No. | B67: Meta/Servicio | C67: Septiembre | E67: Octubre | G67: Noviembre | I67: Diciembre | K67: Total acumulado anual
C68: Programado | D68: Ejecutado | E68: Programado | F68: Ejecutado | G68: Programado | H68: Ejecutado | I68: Programado | J68: Ejecutado | K68: Programado | L68: Ejecutado
A69: 1 | B69: CIRUGIA DE ADULTOS | C69: 19 | D69: 27 | E69: 15 | F69: 23 | K69: =+I69+G69+E69+C69+I45+G45+E45+C45+I13+G13+E13+C13 -> 172 | L69: =+J69+H69+F69+D69+J45+H45+F45+D45+J13+H13+F13+D13 -> 199
A70: 2 | B70: CIRUGIA DE PEDIATRIA | C70: 16 | D70: 17 | E70: 12 | F70: 18 | K70: =+I70+G70+E70+C70+I46+G46+E46+C46+I14+G14+E14+C14 -> 146 | L70: =+J70+H70+F70+D70+J46+H46+F46+D46+J14+H14+F14+D14 -> 159
A71: 3 | B71: HEMODINAMIA ADULTOS | C71: 81 | D71: 76 | E71: 65 | F71: 86 | K71: =+I71+G71+E71+C71+I47+G47+E47+C47+I15+G15+E15+C15 -> 773 | L71: =+J71+H71+F71+D71+J47+H47+F47+D47+J15+H15+F15+D15 -> 816
A72: 4 | B72: HEMODINAMIA PEDIATRIA | C72: 15 | D72: 14 | E72: 12 | F72: 18 | K72: =+I72+G72+E72+C72+I48+G48+E48+C48+I16+G16+E16+C16 -> 134 | L72: =+J72+H72+F72+D72+J48+H48+F48+D48+J16+H16+F16+D16 -> 124
A73: 5 | B73: REEMPLAZO VALVULAR POR MEDIO DE ENDOPROTESIS (TAVI) | C73: 1 | D73: 2 | E73: 0 | F73: 2 | K73: =+I73+G73+E73+C73+I49+G49+E49+C49+I17+G17+E17+C17 -> 11 | L73: =+J73+H73+F73+D73+J49+H49+F49+D49+J17+H17+F17+D17 -> 10
A74: 6 | B74: ANGIOPLASTIA COMPLEJA CON ROTABLATOR Y ULTRASONIDO INTRACAVITARIO | C74: 3 | D74: 4 | E74: 2 | F74: 3 | K74: =+I74+G74+E74+C74+I50+G50+E50+C50+I18+G18+E18+C18 -> 21 | L74: =+J74+H74+F74+D74+J50+H50+F50+D50+J18+H18+F18+D18 -> 15
A75: 7 | B75: IMPLANTE ENDOVENOSO DE MARCAPASOS INCLUYENDO DISPOSITIVO | C75: 2 | D75: 0 | E75: 1 | F75: 0 | K75: =+I75+G75+E75+C75+I51+G51+E51+C51+I19+G19+E19+C19 -> 18 | L75: =+J75+H75+F75+D75+J51+H51+F51+D51+J19+H19+F19+D19 -> 25
A76: 8 | B76: ECOCARDIOGRAMA ADULTOS | C76: 425 | D76: 537 | E76: 352 | F76: 578 | K76: =+I76+G76+E76+C76+I52+G52+E52+C52+I20+G20+E20+C20 -> 4052 | L76: =+J76+H76+F76+D76+J52+H52+F52+D52+J20+H20+F20+D20 -> 5352
A77: 9 | B77: ECOCARDIOGRAMA PEDIATRIA | C77: 375 | D77: 392 | E77: 300 | F77: 394 | K77: =+I77+G77+E77+C77+I53+G53+E53+C53+I21+G21+E21+C21 -> 3350 | L77: =+J77+H77+F77+D77+J53+H53+F53+D53+J21+H21+F21+D21 -> 3700
A78: 10 | B78: ELECTROCARDIOGRAMAS ADULTOS | C78: 150 | D78: 170 | E78: 100 | F78: 184 | K78: =+I78+G78+E78+C78+I54+G54+E54+C54+I22+G22+E22+C22 -> 1300 | L78: =+J78+H78+F78+D78+J54+H54+F54+D54+J22+H22+F22+D22 -> 1742
A79: 11 | B79: ELECTROCARDIOGRAMAS PEDIATRIA | C79: 162 | D79: 158 | E79: 162 | F79: 132 | K79: =+I79+G79+E79+C79+I55+G55+E55+C55+I23+G23+E23+C23 -> 1599 | L79: =+J79+H79+F79+D79+J55+H55+F55+D55+J23+H23+F23+D23 -> 2262
A80: 12 | B80: CONSULTAS MEDICAS ADULTOS | C80: 1075 | D80: 1226 | E80: 850 | F80: 1227 | K80: =+I80+G80+E80+C80+I56+G56+E56+C56+I24+G24+E24+C24 -> 9900 | L80: =+J80+H80+F80+D80+J56+H56+F56+D56+J24+H24+F24+D24 -> 12571
... A87: 19 | B87: MONITOREO DE PRESION ARTERIAL | C87: 11 | D87: 22 | E87: 5 | F87: 14 | K87: =+I87+G87+E87+C87+I63+G63+E63+C63+I31+G31+E31+C31 -> 86 | L87: =+J87+H87+F87+D87+J63+H63+F63+D63+J31+H31+F31+D31 -> 150
A88: Total | C88: =SUM(C69:C87) -> 3009 | D88: =SUM(D69:D87) -> 3353 | E88: =SUM(E69:E87) -> 2428 | F88: =SUM(F69:F87) -> 3398 | G88: =SUM(G69:G87) -> 0 | H88: =SUM(H69:H87) -> 0 | I88: =SUM(I69:I87) -> 0 | J88: =SUM(J69:J87) -> 0 | ... L88: =SUM(L69:L87) -> 33925
B111: RESUMEN AÑO 2025
A112: No. | B112: Meta/Servicio | C112: Totales
C113: Programado | D113: Ejecutado
A114: 1 | B114: CIRUGIA DE ADULTOS | C114: =+K13+K45+K69 -> 172 | D114: =+L13+L45+L69 -> 199
A115: 2 | B115: CIRUGIA DE PEDIATRIA | C115: =+K14+K46+K70 -> 146 | D115: =+L14+L46+L70 -> 159
A116: 3 | B116: HEMODINAMIA ADULTOS | C116: =+K15+K47+K71 -> 773 | D116: =+L15+L47+L71 -> 816
A117: 4 | B117: HEMODINAMIA PEDIATRIA | C117: =+K16+K48+K72 -> 134 | D117: =+L16+L48+L72 -> 124
A118: 5 | B118: REEMPLAZO VALVULAR POR MEDIO DE ENDOPROTESIS (TAVI) | C118: =+K17+K49+K73 -> 11 | D118: =+L17+L49+L73 -> 10
A119: 6 | B119: ANGIOPLASTIA COMPLEJA CON ROTABLATOR Y ULTRASONIDO INTRACAVITARIO | C119: =+K18+K50+K74 -> 21 | D119: =+L18+L50+L74 -> 15
A120: 7 | B120: IMPLANTE ENDOVENOSO DE MARCAPASOS INCLUYENDO DISPOSITIVO | C120: =+K19+K51+K75 -> 18 | D120: =+L19+L51+L75 -> 25
A121: 8 | B121: ECOCARDIOGRAMA ADULTOS | C121: =+K20+K52+K76 -> 4052 | D121: =+L20+L52+L76 -> 5352
A122: 9 | B122: ECOCARDIOGRAMA PEDIATRIA | C122: =+K21+K53+K77 -> 3350 | D122: =+L21+L53+L77 -> 3700
A123: 10 | B123: ELECTROCARDIOGRAMAS ADULTOS | C123: =+K22+K54+K78 -> 1300 | D123: =+L22+L54+L78 -> 1742
A124: 11 | B124: ELECTROCARDIOGRAMAS PEDIATRIA | C124: =+K23+K55+K79 -> 1599 | D124: =+L23+L55+L79 -> 2262
A125: 12 | B125: CONSULTAS MEDICAS ADULTOS | C125: =+K24+K56+K80 -> 9900 | D125: =+L24+L56+L80 -> 12571
... A132: 19 | B132: MONITOREO DE PRESION ARTERIAL | C132: =+K31+K63+K87 -> 86 | D132: =+L31+L63+L87 -> 150
A133: Total | C133: =SUM(C114:C132) -> 27763 | D133: =SUM(D114:D132) -> 33925
B163: Elaborado por: | C163: ___________________________ | F163: Autorizado por: | H163: _______________________________________
C164: VÍctor Cresencio Reyes Porres | H164: Lic. Douglas Antonio Díaz Rivera
C165: Jefe de Contabilidad | H165: Representante Legal
B166: Fecha: | C166: 10 de noviembre 2,025

Sheet EJEC. FISICA NOVIEMBRE DECE-8
L2: DECE-8
A6: UNIDAD DE CIRUGIA CARDIOVASCULAR DE GUATEMALA
A7: 5a. AVENIDA 6-22 ZONA 11
A8: dgunicar@yahoo.es Tel. 24163000
B10: Ejecucion mes de noviembre, de metas fisicas y servicios, año 2025
A11: No. | B11: Meta/Servicio | C11: Enero | E11: Febrero | G11: Marzo | I11: Abril
C12: Programado | D12: Ejecutado | E12: Programado | F12: Ejecutado | G12: Programado | H12: Ejecutado | I12: Programado | J12: Ejecutado
A13: 1 | B13: CIRUGIA DE ADULTOS | C13: 18 | D13: 12 | E13: 19 | F13: 19 | G13: 19 | H13: 14 | I13: 12 | J13: 20
A14: 2 | B14: CIRUGIA DE PEDIATRIA | C14: 14 | D14: 11 | E14: 16 | F14: 9 | G14: 16 | H14: 11 | I14: 12 | J14: 18
A15: 3 | B15: HEMODINAMIA ADULTOS | C15: 75 | D15: 96 | E15: 82 | F15: 80 | G15: 82 | H15: 93 | I15: 65 | J15: 75
A16: 4 | B16: HEMODINAMIA PEDIATRIA | C16: 10 | D16: 8 | E16: 16 | F16: 13 | G16: 15 | H16: 9 | I16: 9 | J16: 13
A17: 5 | B17: REEMPLAZO VALVULAR POR MEDIO DE ENDOPROTESIS (TAVI) | C17: 0 | D17: 0 | E17: 0 | F17: 0 | G17: 0 | H17: 0 | I17: 3 | J17: 0
A18: 6 | B18: ANGIOPLASTIA COMPLEJA CON ROTABLATOR Y ULTRASONIDO INTRACAVITARIO | C18: 0 | D18: 1 | E18: 0 | F18: 0 | G18: 4 | H18: 1 | I18: 0 | J18: 1
A19: 7 | B19: IMPLANTE ENDOVENOSO DE MARCAPASOS INCLUYENDO DISPOSITIVO | C19: 0 | D19: 5 | E19: 2 | F19: 3 | G19: 3 | H19: 1 | I19: 1 | J19: 5
A20: 8 | B20: ECOCARDIOGRAMA ADULTOS | C20: 400 | D20: 406 | E20: 425 | F20: 481 | G20: 425 | H20: 468 | I20: 375 | J20: 467
A21: 9 | B21: ECOCARDIOGRAMA PEDIATRIA | C21: 300 | D21: 393 | E21: 350 | F21: 285 | G21: 375 | H21: 332 | I21: 275 | J21: 327
A22: 10 | B22: ELECTROCARDIOGRAMAS ADULTOS | C22: 100 | D22: 178 | E22: 150 | F22: 180 | G22: 150 | H22: 176 | I22: 100 | J22: 156
A23: 11 | B23: ELECTROCARDIOGRAMAS PEDIATRIA | C23: 145 | D23: 170 | E23: 170 | F23: 157 | G23: 170 | H23: 257 | I23: 140 | J23: 263
A24: 12 | B24: CONSULTAS MEDICAS ADULTOS | C24: 900 | D24: 1331 | E24: 1075 | F24: 1385 | G24: 1075 | H24: 1092 | I24: 850 | J24: 1090
... A31: 19 | B31: MONITOREO DE PRESION ARTERIAL | C31: 5 | D31: 16 | E31: 11 | F31: 15 | G31: 11 | H31: 15 | I31: 5 | J31: 11
A32: Total servicios/beneficiarios | C32: =SUM(C13:C31) -> 2499 | D32: =SUM(D13:D31) -> 3410 | E32: =SUM(E13:E31) -> 3016 | F32: =SUM(F13:F31) -> 3268 | G32: =SUM(G13:G31) -> 3046 | H32: =SUM(H13:H31) -> 3084 | I32: =SUM(I13:I31) -> 2344 | J32: =SUM(J13:J31) -> 3013
B42: Ejecucion mes de noviembre, de metas fisicas y servicios, año 2025
A43: No. | B43: Meta/Servicio | C43: Mayo | E43: Junio | G43: Julio | I43: Agosto
C44: Programado | D44: Ejecutado | E44: Programado | F44: Ejecutado | G44: Programado | H44: Ejecutado | I44: Programado | J44: Ejecutado
A45: 1 | B45: CIRUGIA DE ADULTOS | C45: 19 | D45: 23 | E45: 19 | F45: 20 | G45: 13 | H45: 22 | I45: 19 | J45: 19
A46: 2 | B46: CIRUGIA DE PEDIATRIA | C46: 16 | D46: 17 | E46: 16 | F46: 25 | G46: 12 | H46: 17 | I46: 16 | J46: 16
A47: 3 | B47: HEMODINAMIA ADULTOS | C47: 82 | D47: 70 | E47: 82 | F47: 72 | G47: 77 | H47: 97 | I47: 82 | J47: 71
A48: 4 | B48: HEMODINAMIA PEDIATRIA | C48: 16 | D48: 15 | E48: 15 | F48: 12 | G48: 10 | H48: 11 | I48: 16 | J48: 11
A49: 5 | B49: REEMPLAZO VALVULAR POR MEDIO DE ENDOPROTESIS (TAVI) | C49: 2 | D49: 1 | E49: 2 | F49: 0 | G49: 1 | H49: 4 | I49: 2 | J49: 1
A50: 6 | B50: ANGIOPLASTIA COMPLEJA CON ROTABLATOR Y ULTRASONIDO INTRACAVITARIO | C50: 4 | D50: 0 | E50: 4 | F50: 0 | G50: 0 | H50: 1 | I50: 4 | J50: 4
A51: 7 | B51: IMPLANTE ENDOVENOSO DE MARCAPASOS INCLUYENDO DISPOSITIVO | C51: 3 | D51: 1 | E51: 3 | F51: 2 | G51: 1 | H51: 3 | I51: 2 | J51: 5
A52: 8 | B52: ECOCARDIOGRAMA ADULTOS | C52: 425 | D52: 556 | E52: 425 | F52: 514 | G52: 375 | H52: 688 | I52: 425 | J52: 657
A53: 9 | B53: ECOCARDIOGRAMA PEDIATRIA | C53: 350 | D53: 388 | E53: 375 | F53: 407 | G53: 300 | H53: 409 | I53: 350 | J53: 373
A54: 10 | B54: ELECTROCARDIOGRAMAS ADULTOS | C54: 150 | D54: 181 | E54: 150 | F54: 143 | G54: 100 | H54: 194 | I54: 150 | J54: 180
A55: 11 | B55: ELECTROCARDIOGRAMAS PEDIATRIA | C55: 170 | D55: 347 | E55: 170 | F55: 331 | G55: 140 | H55: 305 | I55: 170 | J55: 142
A56: 12 | B56: CONSULTAS MEDICAS ADULTOS | C56: 1075 | D56: 1293 | E56: 1075 | F56: 1170 | G56: 850 | H56: 1368 | I56: 1075 | J56: 1389
... A63: 19 | B63: MONITOREO DE PRESION ARTERIAL | C63: 11 | D63: 14 | E63: 11 | F63: 9 | G63: 5 | H63: 18 | I63: 11 | J63: 16
A64: Total servicios/beneficiarios | C64: =SUM(C45:C63) -> 2998 | D64: =SUM(D45:D63) -> 3557 | E64: =SUM(E45:E63) -> 3021 | F64: =SUM(F45:F63) -> 3444 | G64: =SUM(G45:G63) -> 2406 | H64: =SUM(H45:H63) -> 3880 | I64: =SUM(I45:I63) -> 2996 | J64: =SUM(J45:J63) -> 3518
B83: Ejecucion mes de noviembre, de metas fisicas y servicios, año 2025
A84: No. | B84: Meta/Servicio | C84: Septiembre | E84: Octubre | G84: Noviembre | I84: Diciembre | K84: Total acumulado anual
C85: Programado | D85: Ejecutado | E85: Programado | F85: Ejecutado | G85: Programado | H85: Ejecutado | I85: Programado | J85: Ejecutado | K85: Programado | L85: Ejecutado
A86: 1 | B86: CIRUGIA DE ADULTOS | C86: 19 | D86: 27 | E86: 15 | F86: 23 | G86: 19 | H86: 17 | K86: =+I86+G86+E86+C86+I45+G45+E45+C45+I13+G13+E13+C13 -> 191 | L86: =+J86+H86+F86+D86+J45+H45+F45+D45+J13+H13+F13+D13 -> 216
A87: 2 | B87: CIRUGIA DE PEDIATRIA | C87: 16 | D87: 17 | E87: 12 | F87: 18 | G87: 16 | H87: 22 | K87: =+I87+G87+E87+C87+I46+G46+E46+C46+I14+G14+E14+C14 -> 162 | L87: =+J87+H87+F87+D87+J46+H46+F46+D46+J14+H14+F14+D14 -> 181
A88: 3 | B88: HEMODINAMIA ADULTOS | C88: 81 | D88: 76 | E88: 65 | F88: 86 | G88: 80 | H88: 81 | K88: =+I88+G88+E88+C88+I47+G47+E47+C47+I15+G15+E15+C15 -> 853 | L88: =+J88+H88+F88+D88+J47+H47+F47+D47+J15+H15+F15+D15 -> 897
A89: 4 | B89: HEMODINAMIA PEDIATRIA | C89: 15 | D89: 14 | E89: 12 | F89: 18 | G89: 15 | H89: 16 | K89: =+I89+G89+E89+C89+I48+G48+E48+C48+I16+G16+E16+C16 -> 149 | L89: =+J89+H89+F89+D89+J48+H48+F48+D48+J16+H16+F16+D16 -> 140
A90: 5 | B90: REEMPLAZO VALVULAR POR MEDIO DE ENDOPROTESIS (TAVI) | C90: 1 | D90: 2 | E90: 0 | F90: 2 | G90: 2 | H90: 2 | K90: =+I90+G90+E90+C90+I49+G49+E49+C49+I17+G17+E17+C17 -> 13 | L90: =+J90+H90+F90+D90+J49+H49+F49+D49+J17+H17+F17+D17 -> 12
A91: 6 | B91: ANGIOPLASTIA COMPLEJA CON ROTABLATOR Y ULTRASONIDO INTRACAVITARIO | C91: 3 | D91: 4 | E91: 2 | F91: 3 | G91: 2 | H91: 4 | K91: =+I91+G91+E91+C91+I50+G50+E50+C50+I18+G18+E18+C18 -> 23 | L91: =+J91+H91+F91+D91+J50+H50+F50+D50+J18+H18+F18+D18 -> 19
A92: 7 | B92: IMPLANTE ENDOVENOSO DE MARCAPASOS INCLUYENDO DISPOSITIVO | C92: 2 | D92: 0 | E92: 1 | F92: 0 | G92: 2 | H92: 0 | K92: =+I92+G92+E92+C92+I51+G51+E51+C51+I19+G19+E19+C19 -> 20 | L92: =+J92+H92+F92+D92+J51+H51+F51+D51+J19+H19+F19+D19 -> 25
A93: 8 | B93: ECOCARDIOGRAMA ADULTOS | C93: 425 | D93: 537 | E93: 352 | F93: 578 | G93: 425 | H93: 449 | K93: =+I93+G93+E93+C93+I52+G52+E52+C52+I20+G20+E20+C20 -> 4477 | L93: =+J93+H93+F93+D93+J52+H52+F52+D52+J20+H20+F20+D20 -> 5801
A94: 9 | B94: ECOCARDIOGRAMA PEDIATRIA | C94: 375 | D94: 392 | E94: 300 | F94: 394 | G94: 350 | H94: 384 | K94: =+I94+G94+E94+C94+I53+G53+E53+C53+I21+G21+E21+C21 -> 3700 | L94: =+J94+H94+F94+D94+J53+H53+F53+D53+J21+H21+F21+D21 -> 4084
A95: 10 | B95: ELECTROCARDIOGRAMAS ADULTOS | C95: 150 | D95: 170 | E95: 100 | F95: 184 | G95: 150 | H95: 182 | K95: =+I95+G95+E95+C95+I54+G54+E54+C54+I22+G22+E22+C22 -> 1450 | L95: =+J95+H95+F95+D95+J54+H54+F54+D54+J22+H22+F22+D22 -> 1924
A96: 11 | B96: ELECTROCARDIOGRAMAS PEDIATRIA | C96: 162 | D96: 158 | E96: 162 | F96: 132 | G96: 160 | H96: 158 | K96: =+I96+G96+E96+C96+I55+G55+E55+C55+I23+G23+E23+C23 -> 1759 | L96: =+J96+H96+F96+D96+J55+H55+F55+D55+J23+H23+F23+D23 -> 2420
A97: 12 | B97: CONSULTAS MEDICAS ADULTOS | C97: 1075 | D97: 1226 | E97: 850 | F97: 1227 | G97: 1000 | H97: 1341 | K97: =+I97+G97+E97+C97+I56+G56+E56+C56+I24+G24+E24+C24 -> 10900 | L97: =+J97+H97+F97+D97+J56+H56+F56+D56+J24+H24+F24+D24 -> 13912
... A104: 19 | B104: MONITOREO DE PRESION ARTERIAL | C104: 11 | D104: 22 | E104: 5 | F104: 14 | G104: 10 | H104: 11 | K104: =+I104+G104+E104+C104+I63+G63+E63+C63+I31+G31+E31+C31 -> 96 | L104: =+J104+H104+F104+D104+J63+H63+F63+D63+J31+H31+F31+D31 -> 161
A105: Total | C105: =SUM(C86:C104) -> 3009 | D105: =SUM(D86:D104) -> 3353 | E105: =SUM(E86:E104) -> 2428 | F105: =SUM(F86:F104) -> 3398 | G105: =SUM(G86:G104) -> 2904 | H105: =SUM(H86:H104) -> 3451 | I105: =SUM(I86:I104) -> 0 | J105: =SUM(J86:J104) -> 0 | ... L105: =SUM(L86:L104) -> 37376
B128: RESUMEN AÑO 2025
A129: No. | B129: Meta/Servicio | C129: Totales
C130: Programado | D130: Ejecutado
A131: 1 | B131: CIRUGIA DE ADULTOS | C131: =+K13+K45+K86 -> 191 | D131: =+L13+L45+L86 -> 216
A132: 2 | B132: CIRUGIA DE PEDIATRIA | C132: =+K14+K46+K87 -> 162 | D132: =+L14+L46+L87 -> 181
A133: 3 | B133: HEMODINAMIA ADULTOS | C133: =+K15+K47+K88 -> 853 | D133: =+L15+L47+L88 -> 897
A134: 4 | B134: HEMODINAMIA PEDIATRIA | C134: =+K16+K48+K89 -> 149 | D134: =+L16+L48+L89 -> 140
A135: 5 | B135: REEMPLAZO VALVULAR POR MEDIO DE ENDOPROTESIS (TAVI) | C135: =+K17+K49+K90 -> 13 | D135: =+L17+L49+L90 -> 12
A136: 6 | B136: ANGIOPLASTIA COMPLEJA CON ROTABLATOR Y ULTRASONIDO INTRACAVITARIO | C136: =+K18+K50+K91 -> 23 | D136: =+L18+L50+L91 -> 19
A137: 7 | B137: IMPLANTE ENDOVENOSO DE MARCAPASOS INCLUYENDO DISPOSITIVO | C137: =+K19+K51+K92 -> 20 | D137: =+L19+L51+L92 -> 25
A138: 8 | B138: ECOCARDIOGRAMA ADULTOS | C138: =+K20+K52+K93 -> 4477 | D138: =+L20+L52+L93 -> 5801
A139: 9 | B139: ECOCARDIOGRAMA PEDIATRIA | C139: =+K21+K53+K94 -> 3700 | D139: =+L21+L53+L94 -> 4084
A140: 10 | B140: ELECTROCARDIOGRAMAS ADULTOS | C140: =+K22+K54+K95 -> 1450 | D140: =+L22+L54+L95 -> 1924
A141: 11 | B141: ELECTROCARDIOGRAMAS PEDIATRIA | C141: =+K23+K55+K96 -> 1759 | D141: =+L23+L55+L96 -> 2420
A142: 12 | B142: CONSULTAS MEDICAS ADULTOS | C142: =+K24+K56+K97 -> 10900 | D142: =+L24+L56+L97 -> 13912
... A149: 19 | B149: MONITOREO DE PRESION ARTERIAL | C149: =+K31+K63+K104 -> 96 | D149: =+L31+L63+L104 -> 161
A150: Total | C150: =SUM(C131:C149) -> 30667 | D150: =SUM(D131:D149) -> 37376
B180: Elaborado por: | C180: ___________________________ | F180: Autorizado por: | H180: _______________________________________
C181: VÍctor Cresencio Reyes Porres | H181: Lic. Douglas Antonio Díaz Rivera
C182: Jefe de Contabilidad | H182: Representante Legal
B183: Fecha: | C183: 10 de diciembre 2,025

Sheet PRESUPUESTO SEPTIEMBRE
A1: UNIDAD DE CIRUGIA CARDIOVASCULAR DE GUATEMALA
A2: FONDOS ESTATALES
A3: PRESUPUESTO AÑO 2,025
C4: PRESUPUESTO 2025 | D4: TRANSFERENCIAS (+-), AMPLIACION | E4: PRESUPUESTO AJUSTADO 2,025
B5: ASIGNACION DEL ESTADO | C5: 110000000 | E5: =+C5+D5 -> 110000000
B6: TOTAL ASIGNACION DEL ESTADO | C6: =SUM(C5) -> 110000000 | D6: =SUM(D5) -> 0 | E6: =SUM(E5) -> 110000000
C8: =+C4 -> PRESUPUESTO 2025 | D8: TRANSFERENCIAS (+-) | E8: =+E4 -> PRESUPUESTO AJUSTADO 2,025
A9: 011 | B9: SUELDOS, CUOTA PATRONAL, BONO 14 Y AGUINALDO | C9: 54637303 | E9: =+C9+D9 -> 54637303
B10: TOTAL RECURSO HUMANO | C10: =SUM(C9) -> 54637303 | D10: =SUM(D9) -> 0 | E10: =SUM(E9) -> 54637303
B12: GASTOS DE OPERACIÓN | C12: =+C8 -> PRESUPUESTO 2025 | D12: TRANSFERENCIAS (+-) | E12: =+E8 -> PRESUPUESTO AJUSTADO 2,025
A13: 111 | B13: ENERGIA ELECTRICA | C13: 1166000 | E13: =+C13+D13 -> 1166000
A14: 113 | B14: SERVICIO DE INTERNET Y TELEFONIA | C14: 130075 | E14: =+C14+D14 -> 130075
A15: 122 | B15: IMPRESIÓN, ENCUADERNACION Y REPRODUCCION | C15: 64244.05 | E15: =+C15+D15 -> 64244.05
A16: 163 | B16: MANT. Y REP. EQUIPO MEDICO SANITARIO Y DE LAB. | C16: 1310600.2 | E16: =+C16+D16 -> 1310600.2
A17: 169 | B17: MANT. Y REP. DE OTRAS MAQUINARIAS Y EQUIPOS | C17: 66884.6 | E17: =+C17+D17 -> 66884.6
A18: 171 | B18: MANTENIMIENTO Y REPARACION DE EDIFICIOS | C18: 82130 | E18: =+C18+D18 -> 82130
A19: 174 | B19: MANT. Y REP. DE INSTALACIONES | C19: 127931 | E19: =+C19+D19 -> 127931
A20: 197 | B20: SERVICIOS DE VIGILANCIA | C20: 592800 | E20: =+C20+D20 -> 592800
A21: 199 | B21: OTROS SERVICIOS NO PERSONALES | C21: 706924.9 | E21: =+C21+D21 -> 706924.9
A22: 243 | B22: PRODUCTOS DE PAPEL O CARTON | C22: 154711.24 | E22: =+C22+D22 -> 154711.24
A23: 261 | B23: ELEMENTOS Y COMPUESTOS QUIMICOS | C23: 836414.94 | E23: =+C23+D23 -> 836414.94
A24: 262 | B24: COMBUSTIBLES Y LUBRICANTES | C24: 17000 | E24: =+C24+D24 -> 17000
... A34: 323 | B34: EQUIPO MEDICO-SANITARIO Y DE LABORATORIO | C34: 15417468 | E34: =+C34+D34 -> 15417468
B35: TOTAL GASTOS DE OPERACIÓN | C35: =SUM(C13:C34) -> 55362697 | D35: =SUM(D13:D34) -> 0 | E35: =SUM(E13:E34) -> 55362697
B36: TOTAL GENERAL EGRESOS | C36: =+C35+C10 -> 110000000 | D36: =+D35+D10 -> 0 | E36: =+E35+E10 -> 110000000
A41: _______________________________
A42: Víctor Cresencio Reyes Porres
A43: Jefe de Contabilidad

Sheet PRESUPUESTO OCTUBRE
A1: UNIDAD DE CIRUGIA CARDIOVASCULAR DE GUATEMALA
A2: FONDOS ESTATALES
A3: PRESUPUESTO AÑO 2,025
C4: PRESUPUESTO 2025 | D4: TRANSFERENCIAS (+-), AMPLIACION | E4: PRESUPUESTO AJUSTADO 2,025
B5: ASIGNACION DEL ESTADO | C5: 110000000 | E5: =+C5+D5 -> 110000000
B6: TOTAL ASIGNACION DEL ESTADO | C6: =SUM(C5) -> 110000000 | D6: =SUM(D5) -> 0 | E6: =SUM(E5) -> 110000000
C8: =+C4 -> PRESUPUESTO 2025 | D8: TRANSFERENCIAS (+-) | E8: =+E4 -> PRESUPUESTO AJUSTADO 2,025
A9: 011 | B9: SUELDOS, CUOTA PATRONAL, BONO 14 Y AGUINALDO | C9: 54637303 | E9: =+C9+D9 -> 54637303
B10: TOTAL RECURSO HUMANO | C10: =SUM(C9) -> 54637303 | D10: =SUM(D9) -> 0 | E10: =SUM(E9) -> 54637303
B12: GASTOS DE OPERACIÓN | C12: =+C8 -> PRESUPUESTO 2025 | D12: TRANSFERENCIAS (+-) | E12: =+E8 -> PRESUPUESTO AJUSTADO 2,025
A13: 111 | B13: ENERGIA ELECTRICA | C13: 1166000 | E13: =+C13+D13 -> 1166000
A14: 113 | B14: SERVICIO DE INTERNET Y TELEFONIA | C14: 130075 | E14: =+C14+D14 -> 130075
A15: 122 | B15: IMPRESIÓN, ENCUADERNACION Y REPRODUCCION | C15: 64244.05 | E15: =+C15+D15 -> 64244.05
A16: 163 | B16: MANT. Y REP. EQUIPO MEDICO SANITARIO Y DE LAB. | C16: 1310600.2 | E16: =+C16+D16 -> 1310600.2
A17: 169 | B17: MANT. Y REP. DE OTRAS MAQUINARIAS Y EQUIPOS | C17: 66884.6 | E17: =+C17+D17 -> 66884.6
A18: 171 | B18: MANTENIMIENTO Y REPARACION DE EDIFICIOS | C18: 82130 | E18: =+C18+D18 -> 82130
A19: 174 | B19: MANT. Y REP. DE INSTALACIONES | C19: 127931 | E19: =+C19+D19 -> 127931
A20: 197 | B20: SERVICIOS DE VIGILANCIA | C20: 592800 | E20: =+C20+D20 -> 592800
A21: 199 | B21: OTROS SERVICIOS NO PERSONALES | C21: 706924.9 | E21: =+C21+D21 -> 706924.9
A22: 243 | B22: PRODUCTOS DE PAPEL O CARTON | C22: 154711.24 | E22: =+C22+D22 -> 154711.24
A23: 261 | B23: ELEMENTOS Y COMPUESTOS QUIMICOS | C23: 836414.94 | E23: =+C23+D23 -> 836414.94
A24: 262 | B24: COMBUSTIBLES Y LUBRICANTES | C24: 17000 | E24: =+C24+D24 -> 17000
... A34: 323 | B34: EQUIPO MEDICO-SANITARIO Y DE LABORATORIO | C34: 15417468 | E34: =+C34+D34 -> 15417468
B35: TOTAL GASTOS DE OPERACIÓN | C35: =SUM(C13:C34) -> 55362697 | D35: =SUM(D13:D34) -> 0 | E35: =SUM(E13:E34) -> 55362697
B36: TOTAL GENERAL EGRESOS | C36: =+C35+C10 -> 110000000 | D36: =+D35+D10 -> 0 | E36: =+E35+E10 -> 110000000
A41: _______________________________
A42: Víctor Cresencio Reyes Porres
A43: Jefe de Contabilidad

Sheet PRESUPUESTO NOVIEMBRE
A1: UNIDAD DE CIRUGIA CARDIOVASCULAR DE GUATEMALA
A2: FONDOS ESTATALES
A3: PRESUPUESTO AÑO 2,025
C4: PRESUPUESTO 2025 | D4: TRANSFERENCIAS (+-), AMPLIACION | E4: PRESUPUESTO AJUSTADO 2,025
B5: ASIGNACION DEL ESTADO | C5: 110000000 | E5: =+C5+D5 -> 110000000
B6: TOTAL ASIGNACION DEL ESTADO | C6: =SUM(C5) -> 110000000 | D6: =SUM(D5) -> 0 | E6: =SUM(E5) -> 110000000
C8: =+C4 -> PRESUPUESTO 2025 | D8: TRANSFERENCIAS (+-) | E8: =+E4 -> PRESUPUESTO AJUSTADO 2,025
A9: 011 | B9: SUELDOS, CUOTA PATRONAL, BONO 14 Y AGUINALDO | C9: 54637303 | E9: =+C9+D9 -> 54637303
B10: TOTAL RECURSO HUMANO | C10: =SUM(C9) -> 54637303 | D10: =SUM(D9) -> 0 | E10: =SUM(E9) -> 54637303
B12: GASTOS DE OPERACIÓN | C12: =+C8 -> PRESUPUESTO 2025 | D12: TRANSFERENCIAS (+-) | E12: =+E8 -> PRESUPUESTO AJUSTADO 2,025
A13: 111 | B13: ENERGIA ELECTRICA | C13: 1166000 | E13: =+C13+D13 -> 1166000
A14: 113 | B14: SERVICIO DE INTERNET Y TELEFONIA | C14: =130075 -> 130075 | D14: -16300.7 | E14: =+C14+D14 -> 113774.3
A15: 122 | B15: IMPRESIÓN, ENCUADERNACION Y REPRODUCCION | C15: 64244.05 | E15: =+C15+D15 -> 64244.05
A16: 163 | B16: MANT. Y REP. EQUIPO MEDICO SANITARIO Y DE LAB. | C16: =1310600.25 -> 1310600.2 | D16: -69.43 | E16: =+C16+D16 -> 1310530.8
A17: 169 | B17: MANT. Y REP. DE OTRAS MAQUINARIAS Y EQUIPOS | C17: =66884.6 -> 66884.6 | D17: -604.6 | E17: =+C17+D17 -> 66280
A18: 171 | B18: MANTENIMIENTO Y REPARACION DE EDIFICIOS | C18: 82130 | E18: =+C18+D18 -> 82130
A19: 174 | B19: MANT. Y REP. DE INSTALACIONES | C19: 127931 | E19: =+C19+D19 -> 127931
A20: 197 | B20: SERVICIOS DE VIGILANCIA | C20: =592800 -> 592800 | D20: -20800 | E20: =+C20+D20 -> 572000
A21: 199 | B21: OTROS SERVICIOS NO PERSONALES | C21: 706924.9 | E21: =+C21+D21 -> 706924.9
A22: 243 | B22: PRODUCTOS DE PAPEL O CARTON | C22: =154711.24 -> 154711.24 | D22: -258.1 | E22: =+C22+D22 -> 154453.14
A23: 261 | B23: ELEMENTOS Y COMPUESTOS QUIMICOS | C23: 836414.94 | E23: =+C23+D23 -> 836414.94
A24: 262 | B24: COMBUSTIBLES Y LUBRICANTES | C24: =17000 -> 17000 | D24: -0.52 | E24: =+C24+D24 -> 16999.48
A25: 266 | B25: PRODUCTOS MEDICINALES Y FARMACEUTICOS | C25: =880347.34 -> 880347.34 | D25: -60249.75 | E25: =+C25+D25 -> 820097.59
A26: 267 | B26: TINTES, PINTURAS Y COLORANTES | C26: 180000 | E26: =+C26+D26 -> 180000
A27: 268 | B27: PRODUCTOS PLASTICOS, NYLON, VINIL Y PVC | C27: =154389 -> 154389 | D27: -3 | E27: =+C27+D27 -> 154386
A28: 269 | B28: OTROS PRODUCTOS QUIMICOS Y CONEXOS | C28: =10000 -> 10000 | D28: -150 | E28: =+C28+D28 -> 9850
A29: 292 | B29: UTILES DE LIMPIEZA Y PRODUCTOS SANITARIOS | C29: =262316.5 -> 262316.5 | D29: -9838.3 | E29: =+C29+D29 -> 252478.2
A30: 295 | B30: UTILES MENORES MEDICO QUIRURGICOS Y DE LAB. | C30: =32456859.84 -> 32456860 | D30: 185935.18 | E30: =+C30+D30 -> 32642795
A31: 297 | B31: UTILES, ACCESORIOS Y MATERIALES ELECTRICOS | C31: =45600.32 -> 45600.32 | D31: -0.92 | E31: =+C31+D31 -> 45599.4
A32: 298 | B32: ACCESORIOS Y REPUESTOS EN GENERAL | C32: 400000 | E32: =+C32+D32 -> 400000
A33: 299 | B33: OTROS MATERIALES Y SUMINISTROS | C33: =300000 -> 300000 | D33: -1.1 | E33: =+C33+D33 -> 299998.9
A34: 323 | B34: EQUIPO MEDICO-SANITARIO Y DE LABORATORIO | C34: =15417467.76 -> 15417468 | D34: -77658.76 | E34: =+C34+D34 -> 15339809
B35: TOTAL GASTOS DE OPERACIÓN | C35: =SUM(C13:C34) -> 55362697 | D35: =SUM(D13:D34) -> 0 | E35: =SUM(E13:E34) -> 55362697
B36: TOTAL GENERAL EGRESOS | C36: =+C35+C10 -> 110000000 | D36: =+D35+D10 -> 0 | E36: =+E35+E10 -> 110000000
A38: Nota: Presupuesto pendiente de aprobacion, por parte de la comision tecnica del Ministerio
A39: de Salud Publica y Asistencia Social.
A41: _______________________________
A42: Víctor Cresencio Reyes Porres
A43: Jefe de Contabilidad

Sheet APORTES SEPTIEMBRE
A1: APORTES MINISTERIO DE SALUD PUBLICA Y ASISTENCIA SOCIAL AÑO 2,025
A3: MES | B3: VALOR | C3: FECHA REC. | D3: No. RECIBO | E3: N/C | F3: No. De Cur
A4: ENERO | B4: 0
A5: FEBRERO | B5: 0
A6: MARZO | B6: 22000000 | C6: 45729 | D6: 261119 | E6: 313436527
A7: ABRIL | B7: 11000000 | C7: 45761 | D7: 261120 | E7: 31486663
A8: MAYO | B8: 11000000 | C8: 45792 | D8: 261121 | E8: 316492841
A9: JUNIO | B9: 11000000 | C9: 45821 | D9: 261122 | E9: 318153073
A10: JULIO | B10: 11000000 | C10: 45849 | D10: 261123 | E10: 319578117
A11: AGOSTO | B11: 11000000 | C11: 45882 | D11: 261124 | E11: 321529721
A12: SEPTIEMBRE | B12: 11000000 | C12: 45918 | D12: 261125 | E12: 323457128
A13: NOVIEMBRE | B13: 0
A14: TOTALES… | B14: =SUM(B4:B13) -> 88000000
A20: ____________________________________
A21: Victor Cresencio Reyes Porres
A22: Jefe de Contabilidad
A23: UNIDAD DE CIRUGIA CARDIOVASCULAR DE GUATEMALA

Sheet APORTES OCTUBRE
A1: APORTES MINISTERIO DE SALUD PUBLICA Y ASISTENCIA SOCIAL AÑO 2,025
A3: MES | B3: VALOR | C3: FECHA REC. | D3: No. RECIBO | E3: N/C | F3: No. De Cur
A4: ENERO | B4: 0
A5: FEBRERO | B5: 0
A6: MARZO | B6: 22000000 | C6: 45729 | D6: 261119 | E6: 313436527
A7: ABRIL | B7: 11000000 | C7: 45761 | D7: 261120 | E7: 31486663
A8: MAYO | B8: 11000000 | C8: 45792 | D8: 261121 | E8: 316492841
A9: JUNIO | B9: 11000000 | C9: 45821 | D9: 261122 | E9: 318153073
A10: JULIO | B10: 11000000 | C10: 45849 | D10: 261123 | E10: 319578117
A11: AGOSTO | B11: 11000000 | C11: 45882 | D11: 261124 | E11: 321529721
A12: SEPTIEMBRE | B12: 11000000 | C12: 45918 | D12: 261125 | E12: 323457128
A13: OCTUBRE | B13: 11000000 | C13: 45940 | D13: 261126 | E13: 324714841
A14: NOVIEMBRE
A15: TOTALES… | B15: =SUM(B4:B14) -> 99000000
A21: ____________________________________
A22: Victor Cresencio Reyes Porres
A23: Jefe de Contabilidad
A24: UNIDAD DE CIRUGIA CARDIOVASCULAR DE GUATEMALA

Sheet APORTES NOVIEMBRE
A1: APORTES MINISTERIO DE SALUD PUBLICA Y ASISTENCIA SOCIAL AÑO 2,025
A3: MES | B3: VALOR | C3: FECHA REC. | D3: No. RECIBO | E3: N/C | F3: No. De Cur
A4: ENERO | B4: 0
A5: FEBRERO | B5: 0
A6: MARZO | B6: 22000000 | C6: 45729 | D6: 261119 | E6: 313436527
A7: ABRIL | B7: 11000000 | C7: 45761 | D7: 261120 | E7: 31486663
A8: MAYO | B8: 11000000 | C8: 45792 | D8: 261121 | E8: 316492841
A9: JUNIO | B9: 11000000 | C9: 45821 | D9: 261122 | E9: 318153073
A10: JULIO | B10: 11000000 | C10: 45849 | D10: 261123 | E10: 319578117
A11: AGOSTO | B11: 11000000 | C11: 45882 | D11: 261124 | E11: 321529721
A12: SEPTIEMBRE | B12: 11000000 | C12: 45918 | D12: 261125 | E12: 323457128
A13: OCTUBRE | B13: 11000000 | C13: 45940 | D13: 261126 | E13: 324714841
A14: NOVIEMBRE | B14: 11000000 | C14: 45975 | D14: 261127 | E14: 3265948436
A15: TOTALES… | B15: =SUM(B4:B14) -> 110000000
A21: ____________________________________
A22: Victor Cresencio Reyes Porres
A23: Jefe de Contabilidad
A24: UNIDAD DE CIRUGIA CARDIOVASCULAR DE GUATEMALA
